 Dungeon Crawl Stone Soup version 0.31-a0-986-g5e6e4ef867 (webtiles) character file.

Game seed: 10677937188438457288

16983953 freelancePsychic the Slayer (level 27, 249/249 HPs)
             Began as a Demonspawn Summoner on Nov 11, 2023.
             Was the Champion of Ashenzari.
             Escaped with the Orb
             ... and 15 runes on Nov 18, 2023!
             The game lasted 04:27:25 (91855 turns).

freelancePsychic the Slayer (Demonspawn Summoner)  Turns: 91855, Time: 04:27:25

Health: 249/249    AC: 26    Str:  9    XL:     27
Magic:  51/51      EV: 27    Int: 38    God:    Ashenzari [******]
Gold:   14946      SH: 26    Dex: 17    Spells: 11/74 levels left

rFire   + + .        O - +3 Elemental Staff {ele, rElec rF+ rC+ AC+3, Bglg, Elem} (curse)
rCold   + + +        a - +2 kite shield "Suspicion of Ashenzari" {rC+ rF+, Range, Elem} (curse)
rNeg    + + +        L - +3 troll leather armour of the Ruined Awkwardness {Regen+, Elem, Cun} (curse)
rPois   ∞            D - +2 helmet "Share My Gnosis" {SInv, Elem, Range} (curse)
rElec   +            (cloak unavailable)
rCorr   .            l - +2 pair of gloves of the Eternal Vision {hurl, Elem, Cun} (curse)
SInv    +            C - +4 pair of boots of the Shackled Cosmos {rN+ Int+5, Bglg, Self} (curse)
Will    ++++.        Q - amulet of Vitality {RegenMP++ Regen++, Elem, Fort} (curse)
Stlth   +            i - ring of the Mage {Wiz Archmagi, Elem, Melee} (curse)
HPRegen 3.01/turn    e - ring of the Stellar Autotheism {Int+6, Elem, Alch} (curse)
MPRegen 1.44/turn

%: clarity, guardian spirit, wizardry (x1), archmagi
@: death-form, studying 4 skills
A: vile attack, torment immunity, no potions, large bone plates 3, hurl
damnation, powered by death 3, torment resistance 1, magic shield, magic
regeneration, magic link, demonic willpower, weakness stinger 3
0: Orb of Zot
}: 15/15 runes: decaying, serpentine, slimy, silver, golden, iron, obsidian,
icy, bone, abyssal, demonic, glowing, magical, fiery, dark
a: Hurl Damnation, Siphon Essence, Begin Untransformation, Renounce Religion,
Shatter the Chains


You escaped.
You worshipped Ashenzari.
Ashenzari was exalted by your worship.
You were an undying horror.
You visited 17 branches of the dungeon, and saw 87 of its levels.
You visited Pandemonium 1 time, and saw 24 of its levels.
You visited the Abyss 2 times.
You visited 1 bazaar.
You completed 1 ziggurat, and saw 27 of its levels.
You also visited: Bailey, Ice Cave and Wizlab.

You collected 16495 gold pieces.
You spent 1549 gold pieces at shops.

Inventory:

Hand Weapons
 O - the cursed +3 Elemental Staff (weapon) {ele, rElec rF+ rC+ AC+3, Bglg, Elem}
   (You acquired it on level 4 of the Lair of Beasts)

   AC+3:      It affects your AC (+3).
   rF+:       It protects you from fire.
   rC+:       It protects you from cold.
   rElec:     It insulates you from electricity.
   It has a curse which improves the following skills: Beguiling: Conjurations,
   Hexes and Translocations.
   Elements:  Fire Magic, Ice Magic, Air Magic and Earth Magic.
Missiles
 g - 29 silver javelins
 o - 66 boomerangs
 v - 15 throwing nets
Armour
 a - the cursed +2 kite shield "Suspicion of Ashenzari" (worn) {rC+ rF+, Range, Elem}
   (You took it off a naga warrior on level 1 of the Snake Pit)

   It has a curse which improves the following skills: Ranged Combat: Ranged
   Weapons and Throwing.
   Elements:  Fire Magic, Ice Magic, Air Magic and Earth Magic.
 l - the cursed +2 pair of gloves of the Eternal Vision (worn) {hurl, Elem, Cun}
   (You found it on level 2 of the Dungeon)

   It has a curse which improves the following skills: Elements: Fire Magic, Ice
   Magic, Air Magic and Earth Magic.
   Cunning:   Dodging and Stealth.
 t - the +2 helmet of Vira Gaisch {Dex+4}
   (You acquired it on level 3 of the Tomb of the Ancients)

   Dex+4:     It affects your dexterity (+4).
 C - the cursed +4 pair of boots of the Shackled Cosmos (worn) {rN+ Int+5, Bglg, Self}
   (You acquired it on level 4 of the Realm of Zot)

   Int+5:     It affects your intelligence (+5).
   rN+:       It protects you from negative energy.
   It has a curse which improves the following skills: Beguiling: Conjurations,
   Hexes and Translocations.
   Introspection: Fighting and Spellcasting.
 D - the cursed +2 helmet "Share My Gnosis" (worn) {SInv, Elem, Range}
   (You found it on level 15 of the Dungeon)

   It has a curse which improves the following skills: Elements: Fire Magic, Ice
   Magic, Air Magic and Earth Magic.
   Ranged Combat: Ranged Weapons and Throwing.
 L - the cursed +3 troll leather armour of the Ruined Awkwardness (worn) {Regen+, Elem, Cun}
   (You found it on level 10 of the Dungeon)

   Regen+:    It increases your rate of health regeneration.
   It has a curse which improves the following skills: Elements: Fire Magic, Ice
   Magic, Air Magic and Earth Magic.
   Cunning:   Dodging and Stealth.
Jewellery
 e - the cursed ring of the Stellar Autotheism (right hand) {Int+6, Elem, Alch}
   (You found it on level 14 of the Dungeon)

   [ring of intelligence]

   Int+6:     It affects your intelligence (+6).
   It has a curse which improves the following skills: Elements: Fire Magic, Ice
   Magic, Air Magic and Earth Magic.
   Alchemy:   Poison Magic and Transmutations.
 h - the ring "Fawesaz" {EV+5 Dex+4}
   (You found it on level 3 of the Tomb of the Ancients)

   [ring of evasion]

   EV+5:      It affects your evasion (+5).
   Dex+4:     It affects your dexterity (+4).
 i - the cursed ring of the Mage (left hand) {Wiz Archmagi, Elem, Melee}
   (You found it on level 3 of the Tomb of the Ancients)

   [ring of wizardry]

   Wiz:       It improves your spell success rate.
   Archmagi:  It increases the power of your magical spells.
   It has a curse which improves the following skills: Elements: Fire Magic, Ice
   Magic, Air Magic and Earth Magic.
   Melee Combat: Short Blades, Long Blades, Axes, Maces & Flails, Polearms,
   Staves and Unarmed Combat.
 q - the ring "Wuudodduqo" {Fire *Corrode *Slow Int+9 SInv}
   (You took it off a deep elf annihilator on level 3 of the Elven Halls)

   [ring of fire]

   Fire:      It enhances your fire magic.
   Int+9:     It affects your intelligence (+9).
   rF+:       It protects you from fire.
   rC-:       It makes you vulnerable to cold.
   SInv:      It lets you see invisible.
   *Corrode:  It may corrode you when you take damage.
   *Slow:     It may slow you when you take damage.
 M - the ring of Noel {*Slow rF+ rC+ rN++ AC+4}
   (You found it on level 20 of a ziggurat)

   [ring of protection]

   AC+4:      It affects your AC (+4).
   rF+:       It protects you from fire.
   rC+:       It protects you from cold.
   rN++:      It greatly protects you from negative energy.
   *Slow:     It may slow you when you take damage.
 Q - the cursed amulet of Vitality (around neck) {RegenMP++ Regen++, Elem, Fort}
   (You found it on level 25 of a ziggurat)

   [amulet of magic regeneration]

   RegenMP:   It increases your rate of magic regeneration.
   Regen++:   It increases your rate of health regeneration.
   It has a curse which improves the following skills: Elements: Fire Magic, Ice
   Magic, Air Magic and Earth Magic.
   Fortitude: Armour and Shields.
Talismans
 W - a talisman of death (active)
Wands
 b - a wand of paralysis (136)
 d - a wand of digging (64)
 s - a wand of flame (198)
 y - a wand of roots (115)
 J - a wand of polymorph (61)
 K - a wand of quicksilver (85)
 Z - a wand of mindburst (69)
Scrolls
 c - 14 scrolls of poison
 j - 11 scrolls of immolation
 k - 23 scrolls of teleportation {@r4}
 r - 17 scrolls of blinking
 u - 31 scrolls of enchant weapon
 G - 15 scrolls of amnesia
 P - 12 scrolls of silence
 R - 5 scrolls of fear
 S - 32 scrolls of fog
 V - 3 scrolls of summoning
 X - 15 scrolls of enchant armour
 Y - 6 scrolls of revelation
Potions
 f - 30 potions of curing {@q1}
 m - 14 potions of enlightenment
 n - 5 potions of cancellation
 p - 8 potions of might
 w - 8 potions of haste {@q3}
 x - 17 potions of heal wounds {@q2}
 z - 2 potions of brilliance
 A - 27 potions of mutation
 B - 17 potions of lignification
 F - 7 potions of berserk rage
 I - 8 potions of invisibility
 N - 16 potions of magic
 T - 5 potions of ambrosia
 U - 3 potions of resistance
Miscellaneous
 E - 2 +1 figurines of a ziggurat
 H - a phial of floods


   Skills:
 - Level 24.9(27) Fighting
 - Level 7.8(10.3) Staves
 - Level 12.4(16.0) Throwing
 - Level 19.8(22.0) Armour
 - Level 23.8(27) Dodging
 - Level 1.7(4.2) Stealth
 - Level 17.7(20.0) Shields
 + Level 22.1(24.2) Spellcasting
 - Level 23.8(27) Conjurations
 - Level 2.6(5.5) Hexes
 - Level 7.6 Summonings
 - Level 7.8 Necromancy
 - Level 5.9(8.4) Transmutations
 - Level 13.4(22.5) Fire Magic
 - Level 18.0(27) Ice Magic
 - Level 18.8(27) Air Magic
 - Level 18.3(27) Earth Magic
 - Level 20.0 Evocations
 - Level 23.0 Shapeshifting


You had 11 spell levels left.
You knew the following spells:

 Your Spells              Type           Power      Damage    Failure   Level
a - Chain Lightning       Conj/Air       90%        3d120     1%          9
b - Ignition              Fire           85%        3d22      1%          8
c - Freezing Cloud        Conj/Ice/Air   100%       6-21      0%          5
d - Shatter               Erth           90%        3d65*     1%          9
e - Polar Vortex          Ice            90%        12d12*    1%          9
f - Call Canine Familiar  Summ           100%       N/A       1%          3
h - Irradiate             Conj/Tmut      67%        3d34      0%          5
i - Fire Storm            Conj/Fire      88%        8d22      1%          9
k - Plasma Beam           Fire/Air       100%       2x1d120   0%          6

Your spell library contained the following spells:

 Spells                   Type           Power      Damage    Failure   Level
 Foxfire                  Conj/Fire      100%       2x1d9     0%          1
 Freeze                   Ice            100%       1d10      0%          1
 Kiss of Death            Conj/Necr      100%       2d13      0%          1
 Magic Dart               Conj           100%       1d8       0%          1
 Sandblast                Erth           100%       2d20      0%          1
 Shock                    Conj/Air       100%       1d9       0%          1
 Cigotuvi's Dreadful Rot  Necr/Pois/Air  100%       N/A       0%          2
 Ensorcelled Hibernation  Hex/Ice        100%       N/A       0%          2
 Momentum Strike          Conj/Tloc      100%       3d10      0%          2
 Passwall                 Tmut/Erth      100%       N/A       0%          2
 Poisonous Vapours        Pois/Air       100%       N/A       0%          2
 Scorch                   Fire           100%       2d9       0%          2
 Searing Ray              Conj           100%       2d8       0%          2
 Static Discharge         Conj/Air       100%       3-8/arc   0%          2
 Dazzling Flash           Conj/Hex       100%       N/A       0%          3
 Frozen Ramparts          Ice            100%       1d16      0%          3
 Hailstorm                Conj/Ice       100%       3d20      0%          3
 Inner Flame              Hex/Fire       100%       N/A       0%          3
 Mephitic Cloud           Conj/Pois/Air  100%       N/A       0%          3
 Ozocubu's Armour         Ice            100%       N/A       0%          3
 Stone Arrow              Conj/Erth      100%       3d13      0%          3
 Swiftness                Air            100%       N/A       0%          3
 Airstrike                Air            90%        2d(13-29) 0%          4
 Animate Armour           Summ/Erth      100%       N/A       0%          4
 Brom's Barrelling Bould  Conj/Erth      100%       2d11      0%          4
 Flame Wave               Conj/Fire      100%       2d21      0%          4
 Fulminant Prism          Conj/Hex       65%        3d28      0%          4
 Leda's Liquefaction      Hex/Erth       77%        N/A       0%          4
 Petrify                  Tmut/Erth      100%       N/A       0%          4
 Sticky Flame             Conj/Fire      100%       2d11      0%          4
 Summon Ice Beast         Ice/Summ       100%       N/A       0%          4
 Summon Lightning Spire   Summ/Air       100%       N/A       0%          4
 Arcjolt                  Conj/Air       90%        1d100     0%          5
 Borgnjor's Vile Clutch   Necr/Erth      79%        N/A       0%          5
 Fireball                 Conj/Fire      88%        3d32      0%          5
 Iskenderun's Battlesphe  Conj           100%       2d15      0%          5
 Lee's Rapid Deconstruct  Erth           90%        3d40*     0%          5
 Bombard                  Conj/Erth      90%        9d14      0%          6
 Conjure Ball Lightning   Conj/Air       90%        3x3d35    0%          6
 Starburst                Conj/Fire      88%        6d22      0%          6
 Orb of Destruction       Conj           77%        9d17      0%          7
 Ozocubu's Refrigeration  Ice            90%        4d27      0%          7
 Apportation              Tloc           100%       N/A       1%          1
 Necrotise                Necr           100%       1d9       1%          1
 Slow                     Hex            100%       N/A       1%          1
 Sting                    Tmut/Pois      100%       1d8       1%          1
 Summon Small Mammal      Summ           100%       N/A       1%          1
 Blink                    Tloc           100%       N/A       1%          2
 Call Imp                 Summ           100%       N/A       1%          2
 Jinxbite                 Hex            100%       N/A       1%          2
 Lesser Beckoning         Tloc           100%       N/A       1%          2
 Sublimation of Blood     Necr           100%       N/A       1%          2
 Wereblood                Tmut           100%       N/A       1%          2
 Confusing Touch          Hex            93%        N/A       1%          3
 Gell's Gravitas          Tloc           65%        N/A       1%          3
 Ignite Poison            Fire/Tmut/Pois 100%       N/A       1%          3
 Summon Guardian Golem    Hex/Summ       97%        N/A       1%          3
 Teleport Other           Tloc           65%        N/A       1%          3
 Tukima's Dance           Hex            93%        N/A       1%          3
 Vampiric Draining        Necr           100%       2d13      1%          3
 Volatile Blastmotes      Fire/Tloc      100%       2d18      1%          3
 Anguish                  Hex/Necr       49%        N/A       1%          4
 Animate Dead             Necr           100%       N/A       1%          4
 Cause Fear               Hex            46%        N/A       1%          4
 Dimensional Bullseye     Hex/Tloc       40%        N/A       1%          4
 Dispel Undead            Necr           100%       3d31      1%          4
 Iskenderun's Mystic Bla  Conj/Tloc      100%       2d19      1%          4
 Vhi's Electric Charge    Tloc/Air       100%       N/A       1%          4
 Agony                    Necr           100%       N/A       1%          5
 Alistair's Intoxication  Tmut/Pois      58%        N/A       1%          5
 Metabolic Englaciation   Hex/Ice        77%        N/A       1%          5
 Silence                  Hex/Air        77%        N/A       1%          5
 Summon Forest            Summ/Tloc      43%        N/A       1%          5
 Summon Mana Viper        Hex/Summ       97%        N/A       1%          5
 Yara's Violent Unravell  Hex/Tmut       49%        3d19      1%          5
 Simulacrum               Ice/Necr       79%        N/A       1%          6
 Spellforged Servitor     Conj/Summ      66%        N/A       1%          7
 Lehudib's Crystal Spear  Conj/Erth      90%        10d20     1%          8
 Maxwell's Capacitive Co  Air            90%        ∞         1%          8
 Death Channel            Necr           51%        N/A       2%          6
 Summon Cactus Giant      Summ           51%        N/A       2%          6
 Manifold Assault         Tloc           65%        N/A       3%          4
 Olgreb's Toxic Radiance  Pois           64%        N/A       3%          4
 Passage of Golubria      Tloc           65%        N/A       3%          4
 Eringya's Noxious Bog    Tmut/Pois      43%        4d6       9%          6
 Haunt                    Necr/Summ      51%        N/A       13%         7
 Monstrous Menagerie      Summ           51%        N/A       13%         7
 Summon Hydra             Summ           51%        N/A       13%         7
 Enfeeble                 Hex            46%        N/A       32%         7
 Dispersal                Tloc           32%        N/A       41%         6
 Malign Gateway           Summ/Tloc      43%        N/A       47%         7
 Borgnjor's Revivificati  Necr           51%        N/A       65%         8
 Infestation              Necr           51%        N/A       65%         8
 Summon Horrible Things   Summ           51%        N/A       67%         8
 Discord                  Hex            46%        N/A       91%         8
 Disjunction              Tloc           32%        N/A       100%        8
 Death's Door             Necr           51%        N/A       100%        9
 Dragon's Call            Summ           51%        N/A       100%        9


Dungeon Overview and Level Annotations

Branches:
Dungeon (15/15)            Temple (0/1) D:5            Lair (5/5) D:8
  Swamp (4/4) Lair:3        Snake (4/4) Lair:2        Slime (5/5) Lair:4
    Orc (2/2) D:9             Elf (3/3) Orc:2        Vaults (5/5) D:13
  Crypt (3/3) Vaults:3       Tomb (3/3) Crypt:3      Depths (4/4) D:15
   Hell (visited)             Dis (7/7) Hell            Geh (7/7) Hell
    Coc (7/7) Hell            Tar (7/7) Hell            Zot (5/5) Depths:4
 Bailey (visited)           IceCv (visited)          WizLab (visited)

Altars:
Ashenzari
Kikubaaqudgha
Makhleb
Qazlal
Sif Muna
Trog
Uskayaw
Xom
Yredelemnul
Jiyva

Shops:
D:3 (   Orc:1 *   Orc:2 *(*:[   Elf:2 [   Elf:3 (?   Snake:1 (   Snake:2 =
Vaults:3 *   Vaults:4 (   Vaults:5 !

Portals:
Hell: Depths:1 Depths:2 Depths:3 Depths:4
Abyss: D:6 Depths:3 Depths:4
Pandemonium: Depths:2
Trove: D:12 (give 7 potions of haste)

Annotations:
D:6 2 transporters, DoNotCum's ghost, novice DECj
Lair:2 3 runed translucent doors, exclusion: ice statue, Hippur's ghost, journeyman MiFi
Lair:5 2 runed translucent doors
Snake:1 3 runed translucent doors, niangp's ghost, journeyman MiBe
Snake:2 Roxanne
Snake:4 1 runed translucent door, Strat's ghost, adept DsRe
Elf:1 6 runed translucent doors
Elf:2 3 runed translucent doors
Depths:4 4 transporters


Innate Abilities, Weirdness & Mutations

You are an undying horror.
Your melee and unarmed attacks drain, slow and weaken victims.
You are immune to unholy pain and torment.
You cannot drink.
You are immune to poison.
You are completely covered in large bone plates. (SH +8)
You can hurl damnation.
You regenerate a lot of health from kills.
You are resistant to unholy torment.
When hurt, damage is shared between your health and your magic reserves.
You regenerate magic rapidly.
When low on magic, you restore magic in place of health.
You punish those that try to bend your will. (Will+)
You have a sharp stinger which inflicts weakening toxins.


Message History

There is a stone staircase leading down here.
You see here a +0 spear.
There is an open door here.
Things that are here:
a +0 robe; a +0 war axe; the orc skeleton of Blork the orc
There is an open door here.
There is an open door here.
There is a stone staircase leading up here.
You climb upwards.
There is a stone staircase leading down here.
There is a stone staircase leading up here.
You climb upwards.
There is a stone staircase leading down here.
You see here a +0 spear.
There is a stone staircase leading up here.
You climb upwards.
There is a stone staircase leading down here.
There is a stone staircase leading up here.
You climb upwards.
There is a stone staircase leading down here.
There is a stone staircase leading down here.
You sense a monster nearby.
You can't go up here!
An Orb Guardian comes into view.
Casting: Shatter (mildly dangerous; 1% risk of failure)
Confirm with . or Enter, or press ? or * to list all spells.
You feel a strong surge of power!
The dungeon rumbles!
The Orb Guardian is severely wounded.
Ka-crash!
Casting: Shatter (mildly dangerous; 1% risk of failure)
Confirm with . or Enter, or press ? or * to list all spells.
You feel a strong surge of power!
The dungeon rumbles!
You kill the Orb Guardian!
Ka-crash!
What level of the Dungeon? (default 1, ? - help) Magic restored.
There is a staircase leading out of the dungeon here.
You have escaped!

.....####### #.#....#
.###.......##### #.#....#
##(#...........# ##.....#
#.##.###############.....#
.##..#......# #........#
....##......#####........#
...###.........##........#
..##........####.8....####
.#...#......# #z.....#
...###......# #.8....#
.).# #......#####.....#
...# #......##.##.....#
...###......##.##.....#
...>...##......#####..#
.####..###..##.#####..###
######.....##....#..#.#.#
##..........##...#..#..#*


There were no monsters in sight!

Vanquished Creatures
  Cerebov (Pan)
  Antaeus (Coc:7)
  Asmodeus (Geh:7)
  the Royal Jelly (Slime:5)
  Ereshkigal (Tar:7)
  Gloorx Vloq (Pan)
  Ignacio (Pan)
  Lom Lobon (Pan)
  Dispater (Dis:7)
  Mnoleg (Pan)
  15 ancient liches
  the Serpent of Hell (Coc:7)
  9 dread liches
  2 orbs of fire (Zot:5)
  5 juggernauts
  Mennas (Tomb:3)
  37 royal mummies
  Sojobo (Vaults:5)
  Boris (5 times) (Vaults:2 Vaults:4 Depths:3 Crypt:1 Vaults:5)
  Bai Suzhen (Swamp:3)
  17 shard shrikes
  Parghit (Depths:4)
  Frederick (Crypt:3)
  8 Killer Klowns
  Vashnia (Snake:2)
  Margery (Vaults:3)
  A curse toe (Crypt:3)
  Saint Roka (Snake:4)
  Geryon (Hell)
  29 golden dragons
  36 caustic shrikes
  A Hellbinder (WizLab)
  Norris (Elf:2)
  6 pearl dragons (Zig:20)
  20 Tzitzimimeh
  16 bone dragons
  21 profane servitors
  9 doom hounds
  20 Brimstone Fiends
  2 electric golems (Zot:5)
  19 iron giants
  Jorgrun (Orc:1)
  5 hellephants
  33 tentacled monstrosities
  A shard shrike skeleton (Tomb:3)
  37 Hell Sentinels
  19 Ice Fiends
  24 tainted leviathans
  15 deep elf master archers
  11 deep elf blademasters
  19 sphinxes
  29 Orb Guardians
  9 liches
  25 titans
  Asterion (Elf:2)
  10 pandemonium lords (Pan)
  The ghost of Woitib the Devastator, an adept GrFE of Vehumet (Vaults:3)
  A walking divine tome (Depths:3)
  43 searing wretches
  9 quicksilver dragons
  23 acid blobs
  7 death cobs
  42 ancient champions
  17 tengu reavers
  Kirke (Swamp:3)
  21 Executioners
  3 draconian monks
  9 shadow dragons
  9 daevas (Zig:20)
  11 nagarajas
  6 thorn hunters
  7 azure jellies
  Donald (Vaults:2)
  16 storm dragons
  21 fire giants
  A fenstrider witch (Zig:25)
  5 draconian knights
  12 narguns
  8 revenants
  7 demonspawn warmongers (Pan)
  14 rockslimes
  10 deep elf sorcerers
  13 quicksilver elementals
  14 frost giants
  25 vault wardens
  4 angels (Zig:20)
  5 draconian scorchers
  Louise (Swamp:1)
  A spectral juggernaut (Crypt:1)
  8 iron dragons
  10 ghouls
  9 emperor scorpions
  38 balrugs
  20 cacodemons
  10 curse skulls
  6 draconian shifters
  8 deep elf elementalists
  4 spectral caustic shrikes
  6 shard shrike simulacra
  10 ghost moths
  23 ironbound preservers
  9 orc warlords
  4 draconian stormcallers
  2 caustic shrike zombies
  6 spriggan defenders
  4 draconian annihilators
  A juggernaut zombie (Crypt:1)
  A juggernaut skeleton (Depths:2)
  19 reapers
  34 very ugly things
  3 ophanim (Zig:20)
  15 quicksilver oozes
  8 demonspawn blood saints (Pan)
  11 demonspawn corrupters
  40 war gargoyles
  15 ironbound thunderhulks
  25 elemental wellsprings
  14 green draconians
  16 vampire knights
  10 apis (Zig:20)
  20 stone giants
  11 formless jellyfish
  22 putrid mouths
  16 bennus
  A broodmother (Zig:6)
  5 black draconians
  6 lorocyprocas
  11 purple draconians
  15 wendigos
  11 eleionomae
  A spectral titan (Crypt:1)
  4 dire elephants
  21 deep elf annihilators
  12 deep elf demonologists
  8 spark wasps
  8 white draconians
  13 demonspawn black suns
  18 blizzard demons
  11 red draconians
  7 bunyips
  7 yellow draconians
  An ettin (shapeshifter) (Elf:1)
  4 merfolk impalers (Zig:21)
  16 ettins
  15 eidola
  34 green deaths
  Snorg (Lair:4)
  24 iron golems
  A spectral quicksilver dragon (Tar:5)
  A spectral golden dragon (Tar:4)
  11 fire dragons
  12 deep elf death magi
  33 mummy priests
  22 jiangshi
  12 merfolk javelineers
  31 yaktaur captains
  2 entropy weavers (Zig:6)
  11 shambling mangroves
  A spectral fenstrider witch (Tar:2)
  33 vault guards
  Josephine (Lair:4)
  A spectral kraken (Tar:7)
  16 ice dragons
  2 fenstrider witch zombies (Crypt:1)
  11 caustic shrike simulacra
  15 deep elf high priests
  2 spriggan zombies (Tomb:1)
  9 rakshasas
  6 spectral spriggans
  13 great orbs of eyes
  10 salamander tyrants
  15 alligators
  6 hell beasts
  A quicksilver dragon skeleton (Zig:14)
  5 ghost crabs
  A spriggan air mage (Depths:2)
  6 peacekeepers
  7 juggernaut simulacra
  30 hydras
  A spectral shadow dragon (Tar:1)
  4 ogre magi
  A catoblepas (Lair:2)
  3 merfolk avatars (Zig:21)
  13 anacondas
  2 alligator snapping turtles
  7 stokers
  Harold (D:9)
  2 boulder beetles
  2 spriggan skeletons
  A radroach (shapeshifter) (Zig:19)
  4 death knights
  10 two-headed ogres
  12 ironbound frosthearts
  2 spectral stone giants (Tar:2)
  3 death yaks
  30 dancing weapons
  A bennu zombie (Crypt:1)
  A sphinx skeleton (Zig:9)
  8 merfolk aquamancers
  15 vampire magi
  7 deep troll shamans
  A fenstrider witch skeleton (Pan)
  2 satyrs
  7 centaur warriors
  6 tengu warriors
  5 occultists (Pan)
  11 demonic crawlers
  39 death scarabs
  13 orc high priests
  11 deep troll earth magi
  18 naga sharpshooters
  3 spectral dire elephants
  37 hell hogs
  33 sun demons
  32 hell knights
  8 spriggan berserkers
  20 naga warriors
  18 soul eaters
  19 spriggans
  4 spectral nagas
  18 shock serpents
  6 holy swine (Pan)
  13 crystal echidnas
  30 deep elf knights
  3 skysharks (Elf:2)
  A spectral minotaur (Crypt:1)
  A pharaoh ant (Zig:26)
  2 fire crabs
  An iron troll (shapeshifter) (Elf:3)
  2 skysharks (shapeshifter)
  A spectral catoblepas (Crypt:1)
  8 iron trolls
  29 skeletal warriors
  11 shadow wraiths
  6 goliath frogs
  A bunyip zombie (Crypt:1)
  23 sixfirhies (Pan)
  3 quicksilver dragon simulacra
  4 salamander mystics
  6 sea snakes
  A titan skeleton (Tomb:1)
  2 spectral bunyips
  2 storm dragon skeletons
  72 deep trolls
  A spectral iron dragon (Tar:7)
  10 death drakes
  An orb spider (Zig:6)
  An obsidian statue (Crypt:1)
  22 swamp dragons
  19 shadow demons
  A goliath frog (shapeshifter) (Zig:19)
  A death drake (shapeshifter) (Zig:27)
  9 spriggan druids
  9 cherubim (Zig:20)
  6 naga ritualists
  12 flayed ghosts
  7 glowing orange brains
  13 arcanists
  A swamp dragon (shapeshifter) (Zig:27)
  A goliath frog zombie (Crypt:2)
  26 ironbound convokers
  6 orange crystal statues
  An anaconda skeleton (Hell)
  8 spriggan simulacra
  21 harpies
  2 bog bodies
  15 phantasmal warriors
  39 deep elf zephyrmancers
  19 deep elf archers
  A steelbarb worm (Zig:26)
  16 lindwurms
  15 orc knights
  45 deep elf pyromancers
  21 necromancers
  A shadow dragon skeleton (Vaults:5)
  A spectral ettin (Crypt:1)
  3 wolf spiders
  A fire giant zombie (Depths:2)
  3 elephants
  9 will-o-the-wisps
  A wolf spider (shapeshifter) (Vaults:5)
  A spectral fire dragon (Crypt:1)
  2 spectral centaurs
  A salamander (shapeshifter) (Depths:3)
  4 cyclopes
  5 worldbinders (Abyss:3)
  13 large abominations (Pan)
  12 mana vipers
  3 tengu skeletons
  A frost giant zombie (Crypt:2)
  A goliath frog skeleton (Crypt:3)
  15 orc sorcerers
  19 salamanders
  50 ugly things
  5 manticores
  4 merfolk sirens (Zig:21)
  22 moths of wrath
  An elephant (shapeshifter) (Zig:27)
  A manticore (shapeshifter) (Zig:27)
  A guardian serpent (shapeshifter) (Zig:18)
  A fire giant skeleton (Crypt:2)
  2 alligator skeletons
  2 naga zombies
  8 shining eyes
  3 ice statues
  A moth of wrath (shapeshifter) (Zig:19)
  5 titan simulacra
  4 molten gargoyles
  55 black mambas
  A dire elephant zombie (Tomb:1)
  5 eyes of devastation
  22 naga magi
  49 smoke demons
  27 vault sentinels
  8 water nymphs
  13 guardian serpents
  6 rust devils (Hell)
  3 dire elephant skeletons
  2 shock serpent skeletons
  2 torpor snails
  6 spectral swamp worms (Tar:7)
  A naga skeleton (Crypt:3)
  17 orange demons
  12 cane toads
  A yaktaur zombie (Vaults:3)
  2 centaur skeletons
  A storm dragon simulacrum (Coc:2)
  A minotaur zombie (Crypt:1)
  A cane toad (shapeshifter) (Zig:27)
  20 hellions
  A kobold demonologist (D:13)
  A red draconian zombie (Crypt:2)
  2 bunyip simulacra
  A sea snake zombie (Hell)
  A rime drake (shapeshifter) (D:13)
  A black draconian skeleton (Crypt:2)
  An efreet (Pan)
  4 ice devils
  6 komodo dragons
  26 tormentors
  3 rime drakes
  10 freezing wraiths
  A minotaur skeleton (Pan)
  5 tengu conjurers
  39 yaktaurs
  2 sea snake skeletons (Hell)
  2 iron giant simulacra
  A yaktaur (shapeshifter) (Vaults:5)
  11 anaconda simulacra
  13 red devils
  4 golden dragon simulacra
  A silent spectre (Tar:4)
  2 yaktaur skeletons
  12 tyrant leeches
  28 hellwings
  3 polar bears
  2 hydra zombies (Hell)
  An alligator simulacrum (IceCv)
  A harpy zombie (Crypt:3)
  5 bloated husks
  19 merfolk
  A shadow dragon simulacrum (Depths:1)
  2 human skeletons
  8 spectral harpies
  76 guardian mummies
  3 meliai (D:14)
  15 trolls
  3 tarantellas
  31 hornets
  A hornet (shapeshifter) (Zig:27)
  A spectral swamp dragon (Crypt:1)
  A harpy skeleton (Tomb:2)
  A wind drake (Zig:21)
  5 glass eyes
  A death drake skeleton (Crypt:3)
  A culicivora zombie (Crypt:3)
  4 snapping turtles
  A radroach zombie (Crypt:3)
  19 blink frogs
  A dream sheep (shapeshifter) (D:15)
  A dream sheep (Lair:3)
  3 raiju (Abyss:3)
  3 human simulacra
  86 slime creatures
  A spectral black mamba (Crypt:1)
  Sigmund (D:6)
  3 iron dragon simulacra
  A jumping spider (shapeshifter) (Elf:1)
  A stone giant simulacrum (Crypt:3)
  A jumping spider (Zig:26)
  A shadow (D:12)
  28 flying skulls
  6 air elementals
  4 vampires
  2 spriggans (shapeshifter)
  An elf simulacrum (Vaults:3)
  A small abomination (Abyss:3)
  29 water elementals
  10 wraiths
  15 dire elephant simulacra
  7 wyverns
  3 naga simulacra
  6 basilisks
  28 ynoxinuls
  A hog (Swamp:4)
  A yak (shapeshifter) (Zig:27)
  8 fire bats
  5 golden eyes
  19 humans (D:13)
  2 redbacks
  A black mamba skeleton (Crypt:2)
  3 steam dragons
  50 yaks
  17 chaos spawn
  5 fire elementals
  39 ushabtiu
  8 vampire mosquitoes
  32 neqoxecs
  2 wind drake skeletons
  44 nagas
  24 harpy simulacra
  13 wargs
  A naga (shapeshifter) (Vaults:5)
  A deep troll zombie (Crypt:1)
  An entropy weaver zombie (Crypt:3)
  20 hell hounds
  14 swamp worms
  An acid dragon (D:12)
  3 hydra simulacra
  29 water moccasins
  A fire bat skeleton (Crypt:1)
  A deep troll skeleton (Crypt:1)
  65 orc warriors
  2 glowing shapeshifter skeletons
  A black bear (shapeshifter) (Depths:3)
  7 ettin simulacra
  A black bear (D:6)
  A blink frog zombie (Crypt:2)
  8 ice beasts (Lair:2)
  A sky beast (D:8)
  A swamp dragon zombie (Crypt:2)
  7 swamp drakes
  14 wolves
  22 ogres
  A draconian zombie (Crypt:3)
  A phantom (D:5)
  12 centaurs
  7 bullfrogs
  3 necrophages (Crypt:2)
  10 earth elementals
  An elf skeleton (Crypt:2)
  5 killer bees (D:11)
  2 lindwurm simulacra (IceCv)
  A warg skeleton (Crypt:1)
  7 electric eels
  A howler monkey (D:14)
  5 lava snakes (Lair:5)
  4 crimson imps (Abyss:3)
  A hound (shapeshifter) (Vaults:5)
  2 hounds
  24 orc priests
  2 jellies (Lair:4)
  24 orc wizards
  A boggart skeleton (Crypt:1)
  An ice beast zombie (Crypt:2)
  79 mummies
  3 gnolls
  6 adders (Lair:2)
  An adder (shapeshifter) (Elf:1)
  5 white imps
  3 ufetubi
  An iguana zombie (Crypt:1)
  An adder zombie (Crypt:3)
  2 dart slugs
  67 orcs
  4 ball pythons
  An endoplasm (D:1)
  An endoplasm (shapeshifter) (Vaults:5)
  5 goblins
  5 hobgoblins
  6 kobolds
  A quokka (D:2)
  2 frilled lizards (D:2)
  A frilled lizard skeleton (Crypt:3)
  2 rats (D:1)
  A river rat skeleton (Crypt:1)
  13 ball lightnings (Pan)
  2 creeping infernos
  10 fire vortices
  2 starspawn tentacles (Pan)
  3 tentacles (Tar:7)
4862 creatures vanquished.

Vanquished Creatures (collateral kills)
  A quicksilver elemental (Zig:17)
  A centaur warrior (D:10)
  Maurice (D:8)
  A molten gargoyle (Lair:2)
  A black mamba (Lair:2)
  2 elephants (Lair:1)
  A komodo dragon (Lair:5)
  A rime drake (Lair:2)
  A cane toad (Lair:1)
  3 red devils (D:9)
  2 trolls
  A polar bear (Lair:1)
  Prince Ribbit (D:6)
  6 blink frogs
  4 yaks
  2 fire bats (Lair:2)
  A fire elemental (Lair:2)
  2 steam dragons
  2 vampire mosquitoes (D:10)
  Menkaure (D:5)
  2 acid dragons (D:10)
  3 orc warriors
  10 water moccasins
  An ice beast (D:8)
  A black bear (Lair:2)
  2 centaurs
  11 wolves
  2 kobold brigands
  2 phantoms
  Blork the orc (D:5)
  6 gnoll sergeants
  4 bullfrogs
  2 scorpions
  3 wights (D:7)
  4 howler monkeys
  A lava snake (Lair:2)
  2 jellies (D:5)
  6 gnoll boudas
  7 orc priests
  8 hounds
  4 iguanas
  8 orc wizards
  21 gnolls
  15 adders
  A shadow imp (D:6)
  A white imp (Lair:2)
  3 ufetubi
  A worm (D:3)
  49 orcs
  5 ball pythons
  3 endoplasms
  A giant cockroach (D:1)
  5 goblins
  13 hobgoblins
  3 quokkas
  A bat (D:1)
  2 frilled lizards (D:1)
  15 kobolds
  2 rats (D:1)
266 creatures vanquished.

Vanquished Creatures (others)
  A cacodemon (Pan)
  A bunyip (Zig:16)
  A crystal guardian (Vaults:4)
  A rakshasa (Pan)
  A hydra (Swamp:4)
  A tengu warrior (D:10)
  A dancing weapon (Elf:2)
  A deep elf knight (Elf:3)
  A will-o-the-wisp (Swamp:3)
  2 elephants (Lair:1)
  A bloated husk (Swamp:1)
  2 water elementals
  A ynoxinul (WizLab)
  2 yaks
  2 humans (Swamp:4)
  Grum (D:10)
  A vampire mosquito (Swamp:1)
  A harpy simulacrum (Coc:7)
  An acid dragon (shapeshifter) (Zig:23)
  2 water moccasins
  An orc warrior (D:7)
  A swamp drake (Swamp:4)
  3 wolves
  2 ogres
  4 gnoll sergeants
  An orc priest (D:9)
  Crazy Yiuf (D:7)
  2 gnoll boudas
  2 gnolls (Bailey)
  A shadow imp (D:7)
  3 orcs
  5 ball lightnings (Pan)
  46 fire vortices
  19 foxfires
  A tentacle (Tar:7)
117 creatures vanquished.

Grand Total: 5245 creatures vanquished

Notes
Turn   | Place    | Note
-------+----------+-------------------------------------------
     0 | D:1      | freelancePsychic the Demonspawn Summoner began the quest
                  | for the Orb.
     0 | D:1      | Reached XP level 1. HP: 13/13 MP: 3/3
   217 | D:1      | Gained mutation: You regenerate magic rapidly. [demonic
                  | ancestry]
   217 | D:1      | Reached XP level 2. HP: 19/19 MP: 1/5
   227 | D:1      | Learned a level 2 spell: Call Imp
   462 | D:1      | Gained mutation: You regenerate a little health from kills.
                  | [demonic ancestry]
   462 | D:1      | Reached XP level 3. HP: 24/24 MP: 4/6
   820 | D:1      | Learned a level 3 spell: Call Canine Familiar
  1850 | D:3      | Found Selaez's Weapon Shoppe.
  1853 | D:3      | Bought 3 curare-tipped darts for 50 gold pieces
  1879 | D:3      | Reached skill level 5 in Summonings
  1879 | D:3      | Found a burning altar of Makhleb.
  2059 | D:3      | Gained mutation: You have a small tail. [demonic ancestry]
  2059 | D:3      | Reached XP level 4. HP: 31/31 MP: 4/8
  2510 | D:4      | Reached skill level 1 in Fighting
  2510 | D:4      | Reached skill level 1 in Hexes
  2561 | D:4      | Found a stormy altar of Qazlal.
  2561 | D:4      | Found a broken altar of Ashenzari.
  2572 | D:4      | Became a worshipper of Ashenzari the Shackled
  2646 | D:4      | You fall into a shaft and drop 1 floor!
  2646 | D:5      | Entered Level 5 of the Dungeon
  2690 | D:5      | Gained mutation: You have a tail ending in a sharp stinger.
                  | [demonic ancestry]
  2690 | D:5      | Reached XP level 5. HP: 32/37 MP: 7/9
  2895 | D:5      | Learned a level 3 spell: Summon Guardian Golem
  2981 | D:5      | Reached skill level 2 in Fighting
  2981 | D:5      | Reached XP level 6. HP: 44/44 MP: 5/10
  3121 | D:5      | Noticed Menkaure
  3131 | D:5      | Killed Menkaure
  3279 | D:5      | Reached XP level 7. HP: 51/51 MP: 7/12
  3438 | D:5      | Reached skill level 3 in Fighting
  3661 | D:5      | Reached skill level 1 in Air Magic
  3715 | D:5      | Found a staircase to the Ecumenical Temple.
  4587 | D:4      | Reached skill level 4 in Fighting
  4587 | D:4      | Gained mutation: When hurt, damage is shared between your
                  | health and your magic reserves. [demonic ancestry]
  4587 | D:4      | Reached XP level 8. HP: 60/60 MP: 7/14
  5049 | D:5      | Noticed Blork the orc
  5060 | D:5      | Killed Blork the orc
  5162 | D:6      | Noticed Sigmund
  5186 | D:6      | Killed Sigmund
  5211 | D:6      | Found a transporter.
  5222 | D:6      | Found a transporter.
  5250 | D:6      | Learned a level 4 spell: Summon Lightning Spire
  5279 | D:6      | Reached skill level 5 in Fighting
  5329 | D:6      | Reached * piety under Ashenzari
  5532 | D:6      | Noticed Prince Ribbit
  5542 | D:6      | Killed Prince Ribbit
  5543 | D:6      | Reached skill level 6 in Fighting
  5554 | D:6      | Reached skill level 5 in Air Magic
  5554 | D:6      | Gained mutation: You regenerate health from kills. [demonic
                  | ancestry]
  5554 | D:6      | Reached XP level 9. HP: 48/71 MP: 4/15
  5882 | D:6      | Noticed a toenail golem
  5897 | D:6      | Found a one-way gate to the infinite horrors of the Abyss.
  5897 | D:6      | Noticed DoNotCum's ghost (novice DECj)
  6050 | D:7      | Reached skill level 7 in Fighting
  6185 | D:7      | Reached ** piety under Ashenzari
  6363 | D:7      | Found a runed translucent door.
  6364 | D:7      | Noticed Crazy Yiuf
  7213 | D:7      | Killed Crazy Yiuf
  7463 | D:7      | Reached skill level 8 in Fighting
  7967 | D:8      | Noticed Maurice
  7989 | D:8      | Killed Maurice
  7990 | D:8      | Reached skill level 1 in Fire Magic
  8041 | D:8      | Found a staircase to the Lair.
  8056 | D:8      | Reached XP level 10. HP: 82/82 MP: 12/16
  8551 | D:9      | Reached *** piety under Ashenzari
  8577 | D:9      | Found a flagged portal.
  8651 | D:9      | Found a bloodstained altar of Trog.
  8685 | Bailey   | Entered a bailey
  8940 | Bailey   | Reached skill level 9 in Fighting
  9677 | D:9      | Noticed a smoke demon
  9689 | D:9      | Killed a smoke demon
  9792 | D:9      | Reached **** piety under Ashenzari
  9843 | D:9      | Found a staircase to the Orcish Mines.
 10339 | D:9      | Reached skill level 10 in Fighting
 10637 | D:9      | Learned a level 6 spell: Plasma Beam
 10668 | D:10     | Entered Level 10 of the Dungeon
 10731 | D:10     | Reached skill level 5 in Fire Magic
 10731 | D:10     | Reached XP level 11. HP: 75/95 MP: 10/19
 10846 | D:10     | Noticed a centaur warrior
 10858 | D:10     | Killed a centaur warrior
 11054 | D:10     | Noticed a tengu warrior
 11070 | D:10     | Killed a tengu warrior
 11478 | D:10     | Noticed Grum
 11492 | D:10     | Killed Grum
 11524 | D:10     | Found the +18 Lear's hauberk
 11986 | Lair:1   | Entered Level 1 of the Lair of Beasts
 12389 | Lair:1   | Reached skill level 11 in Fighting
 12762 | Lair:1   | Gained mutation: You are partially covered in large bone
                  | plates. (SH +4) [demonic ancestry]
 12762 | Lair:1   | Reached XP level 12. HP: 106/106 MP: 4/21
 12964 | Lair:1   | Reached skill level 10 in Air Magic
 13183 | Lair:2   | Noticed an ice dragon
 13348 | Lair:2   | Found a staircase to the Snake Pit.
 13571 | Lair:2   | Identified the cursed +1 cloak of Ashenzari's Oblivion
                  | {Range, Elem} (You found it on level 7 of the Dungeon)
 13571 | Lair:2   | Identified the cursed +2 pair of gloves of the Eternal
                  | Vision {hurl, Elem, Cun} (You found it on level 2 of the
                  | Dungeon)
 13571 | Lair:2   | Identified the cursed +1 robe "Ruined Together" {Melee,
                  | Range}
 14092 | Lair:2   | Found a runed translucent gate.
 14092 | Lair:2   | Found a runed translucent gate.
 14092 | Lair:2   | Found a runed translucent gate.
 14267 | Lair:2   | Reached skill level 5 in Spellcasting
 14592 | Lair:2   | Noticed Hippur's ghost (journeyman MiFi)
 14641 | Lair:2   | Reached skill level 12 in Fighting
 14770 | Lair:2   | Noticed a catoblepas
 14810 | Lair:2   | Killed a catoblepas
 14858 | Lair:2   | Reached skill level 10 in Fire Magic
 15375 | Lair:2   | Killed an ice dragon
 15376 | Lair:2   | Reached XP level 13. HP: 114/114 MP: 2/25
 15665 | Lair:2   | Found a viscous altar of Jiyva.
 16511 | Lair:3   | Noticed an eleionoma
 16805 | Lair:3   | Killed an eleionoma
 17618 | Lair:3   | Reached skill level 5 in Dodging
 17778 | Lair:3   | Identified the +0 scale mail of the Old and Reckless {rF+
                  | rC- Int+3 Slay+4}
 17825 | Lair:3   | Found a staircase to the Swamp.
 18206 | Lair:4   | Noticed Snorg
 18208 | Lair:4   | Killed Snorg
 18262 | Lair:4   | Found a viscous altar of Jiyva.
 18541 | Lair:4   | Noticed Josephine
 18544 | Lair:4   | Killed Josephine
 19041 | Lair:4   | Found a staircase to the Slime Pits.
 19078 | Lair:4   | Identified a scroll of acquirement
 19117 | Lair:4   | Reached skill level 13 in Fighting
 19632 | Lair:4   | Acquired the +3 Elemental Staff {ele, rElec rF+ rC+ AC+3}
 19632 | Lair:4   | Found the +3 Elemental Staff {ele, rElec rF+ rC+ AC+3}
 19682 | Lair:5   | Entered Level 5 of the Lair of Beasts
 19704 | Lair:5   | Gained mutation: You have a sharp stinger which inflicts
                  | weakening toxins. [demonic ancestry]
 19704 | Lair:5   | Reached XP level 14. HP: 123/123 MP: 17/29
 19823 | Lair:5   | Reached skill level 1 in Evocations
 19947 | Lair:5   | Reached skill level 1 in Staves
 21177 | Lair:5   | Found a large runed translucent door.
 21178 | Lair:5   | Found a large runed translucent door.
 23369 | D:12     | Found a portal to a secret trove of treasure.
 23777 | D:12     | Identified the maw talisman "Juelaw" {rC+ rN+}
 24204 | D:13     | Reached skill level 1 in Shields
 24232 | D:13     | Noticed a fire giant
 24235 | D:13     | Killed a fire giant
 24307 | D:13     | Identified the +1 plate armour "Gehashap" {rElec Regen+
                  | Int-4}
 24564 | D:13     | Reached skill level 14 in Fighting
 24587 | D:13     | Reached skill level 5 in Evocations
 24725 | D:13     | Found a gate to the Vaults.
 24839 | D:13     | Reached XP level 15. HP: 104/131 MP: 9/31
 25050 | D:13     | Found a basalt altar of Yredelemnul.
 25053 | D:13     | Reached skill level 5 in Staves
 25432 | D:13     | Identified the +5 plate armour of Mukkimpoza {rPois Regen+
                  | Str+2 Int+3}
 26957 | D:15     | Entered Level 15 of the Dungeon
 27837 | D:15     | Found a staircase to the Depths.
 27943 | D:15     | Found a shimmering blue altar of Sif Muna.
 28174 | Orc:1    | Entered Level 1 of the Orcish Mines
 28298 | Orc:2    | Entered Level 2 of the Orcish Mines
 28312 | Orc:2    | Found Vosaf's Gadget Gallery.
 28344 | Orc:2    | Found Ykhaeke's Book Boutique.
 28351 | Orc:2    | Reached skill level 15 in Fighting
 28544 | Orc:2    | Found Pytiu's Antique Weapon Emporium.
 28789 | Orc:2    | Found Ostron's General Store.
 29113 | Orc:2    | Found a staircase to the Elven Halls.
 29134 | Orc:2    | Found Yqotzuc's Antique Armour Shop.
 29143 | Orc:2    | Bought a pair of boots for 103 gold pieces
 29324 | Orc:2    | Reached ***** piety under Ashenzari
 29642 | Orc:1    | Found Jiawiyf's General Store.
 29661 | Orc:1    | Bought a potion of brilliance for 60 gold pieces
 29672 | Orc:1    | Noticed Jorgrun
 29944 | Orc:1    | Killed Jorgrun
 30201 | Orc:1    | Reached XP level 16. HP: 142/147 MP: 29/33
 30766 | Snake:1  | Entered Level 1 of the Snake Pit
 31250 | Snake:1  | Found a runed translucent gate.
 31250 | Snake:1  | Found a runed translucent gate.
 31250 | Snake:1  | Found a runed translucent gate.
 31251 | Snake:1  | Noticed niangp's ghost (journeyman MiBe)
 31543 | Snake:1  | Found Nanacl Ukki's Antique Weapon Boutique.
 31837 | Snake:1  | Reached ****** piety under Ashenzari
 32142 | Snake:1  | Reached skill level 1 in Conjurations
 32390 | Snake:2  | Found Bucziwyss's Jewellery Shop.
 32417 | Snake:2  | Reached skill level 1 in Ice Magic
 32556 | Snake:1  | Learned a level 5 spell: Freezing Cloud
 32631 | Snake:2  | Reached skill level 10 in Evocations
 32835 | Snake:2  | Noticed Vashnia
 33205 | Snake:2  | Reached skill level 1 in Armour
 33288 | Snake:2  | Noticed Roxanne
 33336 | Snake:2  | Found a shimmering altar of Xom.
 33715 | Snake:2  | Killed Vashnia
 34138 | Snake:3  | Identified the "Poseshug"
 34457 | Snake:3  | Reached XP level 17. HP: 156/156 MP: 22/35
 34508 | Snake:3  | Reached skill level 5 in Armour
 36022 | Swamp:1  | Entered Level 1 of the Swamp
 36074 | Swamp:1  | Reached skill level 10 in Dodging
 36185 | Swamp:1  | Identified the +1 dagger "Newtslayer" {venom, *Rage Str+2
                  | Dex+2}
 36519 | Swamp:1  | Noticed Louise
 36520 | Swamp:1  | Killed Louise
 37922 | Swamp:3  | Noticed Bai Suzhen
 38007 | Swamp:3  | Killed Bai Suzhen
 38507 | Swamp:4  | Entered Level 4 of the Swamp
 38571 | Swamp:4  | Noticed Kirke
 38620 | Swamp:3  | Killed Kirke
 38822 | Swamp:4  | Reached XP level 18. HP: 164/164 MP: 5/36
 39325 | Swamp:4  | Identified the +6 great mace "Pigiuko" {freeze, rF+ SInv}
 39520 | Swamp:4  | Reached skill level 10 in Armour
 40173 | Snake:4  | Entered Level 4 of the Snake Pit
 40925 | Snake:4  | Reached skill level 5 in Shields
 41587 | Snake:4  | Found a runed translucent door.
 41591 | Snake:4  | Noticed Strat's ghost (adept DsRe)
 41756 | Snake:4  | Noticed Saint Roka
 41855 | Snake:4  | Killed Saint Roka
 42027 | Snake:4  | Got a serpentine rune of Zot
 42320 | Vaults:5 | Identified the "Gunwolimp"
 42320 | WizLab   | Identified the "Duedazee"
 42320 | Crypt:3  | Identified the of Gogrius
 42320 | Crypt:3  | Identified the "Ekojoar"
 42320 | Crypt:3  | Identified the of Campos
 42320 | Elf:1    | Identified the of Gakkion
 42320 | Elf:1    | Entered Level 1 of the Elven Halls
 42357 | Orc:2    | Paralysed by an air elemental for 1 turns
 43038 | Elf:1    | Noticed a Brimstone Fiend
 43143 | Elf:1    | Gained mutation: You are mostly covered in large bone
                  | plates. (SH +6) [demonic ancestry]
 43143 | Elf:1    | Reached XP level 19. HP: 132/169 MP: 17/36
 43320 | Vaults:1 | Entered Level 1 of the Vaults
 43406 | Vaults:1 | Reached skill level 1 in Transmutations
 43619 | Vaults:1 | Reached skill level 5 in Conjurations
 44721 | Vaults:1 | Learned a level 5 spell: Irradiate
 44953 | Vaults:1 | Reached skill level 5 in Transmutations
 45521 | Vaults:2 | Reached skill level 10 in Shields
 45991 | Vaults:2 | Reached skill level 10 in Spellcasting
 46169 | Vaults:2 | Reached XP level 20. HP: 172/172 MP: 30/37
 46539 | Vaults:2 | Noticed Boris
 46543 | Vaults:2 | Killed Boris
 46815 | Vaults:2 | Identified the storm talisman "Pikaof" {+Blink Str+3}
 46841 | Vaults:2 | Identified the +0 long sword of the Shoals {venom, *Slow
                  | rPois Will++ Dex+3}
 47194 | Vaults:3 | Noticed Donald
 47199 | Vaults:2 | Killed Donald
 47649 | Vaults:3 | Reached skill level 16 in Fighting
 47737 | Vaults:3 | Found a transporter.
 47737 | Vaults:3 | Found a transporter.
 47737 | Vaults:3 | Identified the +0 cloak of Uskayaw's Pride {rF+}
 47737 | Vaults:3 | Noticed Woitib's ghost (adept GrFE)
 47738 | Vaults:3 | Identified the +7 giant spiked club of Amahucat {flame, rC-
                  | rCorr Dex+2 Stlth+}
 47828 | Vaults:3 | Found a staircase to the Crypt.
 47828 | Vaults:3 | Found an ancient bone altar of Kikubaaqudgha.
 47829 | Vaults:3 | Found a basalt altar of Yredelemnul.
 47840 | Vaults:3 | Found Edapiu's General Store.
 47902 | Vaults:3 | Bought a potion of magic for 144 gold pieces
 48143 | Vaults:3 | Noticed Margery
 48160 | Vaults:3 | Killed Margery
 49094 | Vaults:3 | Killed Woitib's ghost
 49154 | Vaults:3 | Identified the "Vyfuqeri" (You acquired it on level 3 of
                  | the Vaults)
 49154 | Vaults:3 | Acquired 382 gold pieces
 49156 | Vaults:3 | Acquired 652 gold pieces
 49157 | Vaults:3 | Acquired 1017 gold pieces
 49322 | Vaults:4 | Found Gonn's Antique Weapon Shoppe.
 49383 | Vaults:4 | Gained mutation: You regenerate a lot of health from kills.
                  | [demonic ancestry]
 49383 | Vaults:4 | Reached XP level 21. HP: 95/183 MP: 4/40
 49502 | Vaults:4 | Noticed Boris
 49504 | Vaults:4 | Killed Boris
 51250 | Elf:1    | Found a runed translucent gate.
 51250 | Elf:1    | Found a runed translucent gate.
 51250 | Elf:1    | Found a runed translucent gate.
 51250 | Elf:1    | Found a runed translucent gate.
 51250 | Elf:1    | Found a runed translucent gate.
 51251 | Elf:1    | Found a runed translucent gate.
 51496 | Elf:2    | Noticed Norris
 51505 | Elf:2    | Killed Norris
 51769 | Elf:2    | Found a runed translucent gate.
 51769 | Elf:2    | Found a runed translucent gate.
 51770 | Elf:2    | Found a runed translucent gate.
 51833 | Elf:2    | Noticed Asterion
 51850 | Elf:2    | Killed Asterion
 51930 | Elf:2    | Found Beoz Fidisis's Armour Boutique.
 52331 | Elf:3    | Identified the "Feitejel"
 52331 | Elf:3    | Identified the of Engoysock
 52331 | Elf:3    | Entered Level 3 of the Elven Halls
 52390 | Elf:3    | Found Xautufuk's Magic Scroll Shoppe.
 52399 | Elf:3    | Bought a scroll of blinking for 112 gold pieces
 52399 | Elf:3    | Bought a scroll of teleportation for 45 gold pieces
 52450 | Elf:3    | Found a flickering gateway to a bazaar.
 52460 | Bazaar   | Entered a bazaar
 52462 | Bazaar   | Found Luefuw's Jewellery Boutique.
 52466 | Bazaar   | Found Vuicseips's Book Boutique.
 52466 | Bazaar   | Found Etir's Antique Weapon Boutique.
 52467 | Bazaar   | Found Urhae's Antique Weapon Boutique.
 52477 | Bazaar   | Bought a book of Annihilations for 780 gold pieces
 52522 | Elf:3    | Found Qiukhlikk's Weapon Boutique.
 52677 | Elf:3    | Found a frozen archway.
 52688 | IceCv    | Entered an ice cave
 52710 | IceCv    | Reached skill level 10 in Conjurations
 53130 | Abyss:3  | Found a corrupted altar of Lugonu.
 53130 | Abyss:3  | Cast into level 3 of the Abyss (a deep elf demonologist)
 53202 | Abyss:3  | Found a corrupted altar of Lugonu.
 53288 | Abyss:3  | Got an abyssal rune of Zot
 53298 | Elf:3    | Escaped the Abyss
 53311 | Elf:3    | Gained mutation: You are completely covered in large bone
                  | plates. (SH +8) [demonic ancestry]
 53311 | Elf:3    | Reached XP level 22. HP: 190/190 MP: 3/41
 53760 | Elf:3    | Identified the ring "Wuudodduqo" {Fire *Corrode *Slow Int+9
                  | SInv}
 54030 | Elf:3    | Identified the +2 whip of Evisceration {antimagic, Fly rF+
                  | Int-3}
 54444 | Elf:3    | Identified the staff "Cookie Cutter" {rF+ Dex+4 Fire}
 54570 | Elf:3    | Learned a level 9 spell: Chain Lightning
 54713 | D:9      | Noticed Harold
 54714 | D:9      | Killed Harold
 54865 | Depths:1 | Entered Level 1 of the Depths
 55666 | Depths:1 | Reached skill level 15 in Air Magic
 55811 | Depths:1 | Found a hide-covered altar of Uskayaw.
 55854 | Depths:1 | Found a gateway to Hell.
 55951 | Depths:2 | Noticed a caustic shrike
 55955 | Depths:2 | Killed a caustic shrike
 55955 | Depths:2 | Noticed a caustic shrike
 55957 | Depths:2 | Noticed a caustic shrike
 55975 | Depths:1 | Killed a caustic shrike
 56032 | Depths:2 | Noticed a caustic shrike
 56035 | Depths:1 | Killed a caustic shrike
 56064 | Depths:2 | Noticed a caustic shrike
 56070 | Depths:1 | Killed a caustic shrike
 56143 | Depths:2 | Killed a caustic shrike
 56291 | Depths:2 | Noticed a golden dragon
 56310 | Depths:2 | Killed a golden dragon
 56971 | Depths:2 | Found a one-way gate leading to the halls of Pandemonium.
 57219 | Depths:2 | Reached XP level 23. HP: 160/192 MP: 1/40
 58004 | Depths:3 | Noticed a juggernaut
 58010 | Depths:3 | Killed a juggernaut
 58084 | Depths:3 | Noticed a juggernaut
 58097 | Depths:3 | Killed a juggernaut
 58203 | Depths:3 | Identified the +0 cloak of the Catfish {rC+++ Will- MP-9
                  | Stlth+}
 58482 | Depths:3 | Noticed Boris
 58486 | Depths:3 | Killed Boris
 59143 | Depths:3 | Identified the ring of Fynum {rF+ SInv Stlth+}
 59242 | Depths:3 | Reached skill level 15 in Conjurations
 59604 | Depths:4 | Entered Level 4 of the Depths
 59647 | Depths:4 | Noticed Parghit
 59651 | Depths:4 | Killed Parghit
 59692 | Depths:4 | Noticed a juggernaut
 59711 | Depths:4 | Killed a juggernaut
 59726 | Depths:4 | Reached skill level 15 in Shields
 59765 | Depths:4 | Found a one-way gateway to a ziggurat.
 60258 | Depths:4 | Found a gate to the Realm of Zot.
 60428 | Depths:4 | Identified the +0 pair of boots of Saerchon {Rampage +Blink
                  | Will- SInv}
 60436 | Depths:4 | Found a transporter.
 60442 | Depths:4 | Found a transporter.
 60460 | Depths:4 | Found a transporter.
 60507 | Depths:4 | Found a transporter.
 60595 | Depths:4 | Gained mutation: You punish those that try to bend your
                  | will. (Will+) [demonic ancestry]
 60595 | Depths:4 | Reached XP level 24. HP: 190/200 MP: 39/40
 61305 | Crypt:1  | Entered Level 1 of the Crypt
 61305 | Crypt:1  | Noticed Boris
 61598 | Slime:1  | Entered Level 1 of the Pits of Slime
 63265 | Slime:5  | Entered Level 5 of the Pits of Slime
 63353 | Slime:5  | Paralysed by a formless jellyfish for 1 turns
 63762 | Slime:5  | Noticed the Royal Jelly
 63771 | Slime:5  | Killed the Royal Jelly
 63953 | Slime:5  | Identified the ring "Eplyij" {rCorr Str-4 Slay+4 Stlth+}
 63955 | Slime:5  | Identified the +10 hand axe "Ynoacw" {vamp, rN+}
 64002 | Slime:5  | Identified the +1 ring mail of Parlour Games {rF+ rC++
                  | Dex-5 Stlth+}
 64005 | Slime:5  | Identified the ring "Earthly Heaven" {Will+ Slay+5}
 64006 | Slime:5  | Got a slimy rune of Zot
 64799 | Zot:1    | Entered Level 1 of the Realm of Zot
 66468 | Zot:2    | Identified the +8 rapier of Tumult {elec, Str+9 Stlth-}
 66810 | Zot:2    | Gained mutation: When low on magic, you restore magic in
                  | place of health. [demonic ancestry]
 66810 | Zot:2    | Reached XP level 25. HP: 184/206 MP: 38/42
 67179 | Zot:2    | Learned a level 8 spell: Ignition
 68423 | Zot:4    | Acquired the +4 pair of boots "Oforier" {rN+ Int+5}
 68457 | Zot:4    | Identified the +1 buckler of Sif Muna's Anger {Rampage
                  | Slay+2}
 68559 | Zot:4    | Noticed a Killer Klown
 68563 | Zot:4    | Killed a Killer Klown
 69839 | Crypt:1  | Killed Boris
 70159 | Crypt:1  | Reached skill level 1 in Shapeshifting
 70399 | Crypt:1  | Identified the +5 chain mail of Yredelemnul's Wrath {Fly
                  | Dex+4}
 70466 | Crypt:1  | Found a basalt altar of Yredelemnul.
 70799 | Crypt:1  | Identified the amulet of Nukhameo {rC+++ Regen+}
 70799 | Crypt:1  | Identified the amulet of Wishful Thinking {rElec Regen+
                  | Str+4}
 70834 | Crypt:1  | Found an ancient bone altar of Kikubaaqudgha.
 71017 | Crypt:2  | Reached skill level 15 in Spellcasting
 71162 | Crypt:2  | Found a magical portal.
 71189 | WizLab   | Entered The Hall of the Hellbinder
 71233 | WizLab   | Gained mutation: You are resistant to unholy torment.
                  | [demonic ancestry]
 71233 | WizLab   | Reached XP level 26. HP: 160/218 MP: 34/45
 71485 | WizLab   | Found a burning altar of Makhleb.
 71485 | WizLab   | Identified the ring of Law {Drain +Blink rPois Slay+4}
 71568 | WizLab   | Identified the amulet of Oferphonu {Acrobat rC+}
 72104 | Vaults:5 | Entered Level 5 of the Vaults
 72114 | Vaults:5 | Reached skill level 5 in Shapeshifting
 72116 | Vaults:5 | Noticed an ancient lich
 72122 | Vaults:5 | Noticed an ancient lich
 72144 | Vaults:5 | Identified the ring of Ganaitum {Wiz rN+}
 72145 | Vaults:5 | Noticed a dread lich
 72147 | Vaults:5 | Killed an ancient lich
 72147 | Vaults:5 | Identified the +3 spear "Ypno" {flame, +Blink rElec Will+
                  | rCorr}
 72147 | Vaults:5 | Identified the ring of Yqurphuuw {rF+ rN++ MP+9 Dex-4}
 72150 | Vaults:5 | Killed a dread lich
 72153 | Vaults:5 | Killed an ancient lich
 72383 | Vaults:5 | Identified the +6 battleaxe "Tormentor" {flame, rPois rF+}
 72585 | Vaults:5 | Identified the +4 mace of Fonigg {freeze, rC+ Str+4 Dex+3}
 72679 | Vaults:5 | Noticed Boris
 72686 | Vaults:5 | Killed Boris
 73045 | Vaults:5 | Got a silver rune of Zot
 73065 | Vaults:5 | Noticed Sojobo
 73076 | Vaults:5 | Killed Sojobo
 73427 | Vaults:5 | Found Raczatoc's Distillery.
 73427 | Vaults:5 | Identified the +2 plate armour "Winic" {rF++ Str-3 Stlth+}
 73443 | Vaults:5 | Bought a potion of heal wounds for 85 gold pieces
 73443 | Vaults:5 | Bought a potion of resistance for 170 gold pieces
 74173 | Crypt:1  | Noticed a royal mummy
 74178 | Crypt:1  | Killed a royal mummy
 74179 | Crypt:1  | Gained mutation: You can hurl damnation. [demonic ancestry]
 74179 | Crypt:1  | Reached XP level 27. HP: 150/224 MP: 15/47
 74341 | Crypt:3  | Entered Level 3 of the Crypt
 74565 | Crypt:3  | Reached skill level 10 in Shapeshifting
 74626 | Crypt:3  | Found a staircase to the Tomb.
 74735 | Crypt:3  | Noticed Frederick
 74739 | Crypt:3  | Killed Frederick
 75071 | Crypt:3  | Identified the +3 orcbow of Wisdom {elec, Dex+3}
 75072 | Crypt:3  | Identified the staff "Paustra" {rC+ Int-2 Stlth+ Conj}
 75072 | Crypt:3  | Identified the +11 quarterstaff of Watchfulness {freeze,
                  | +Blink}
 75074 | Crypt:3  | Identified the ring of Besuod {rN+ Int+3}
 75074 | Crypt:3  | Identified the ring of Bipn {rN+ SInv}
 75113 | Crypt:3  | Noticed an ancient lich
 75120 | Crypt:3  | Killed an ancient lich
 75141 | Crypt:3  | Noticed an ancient lich
 75148 | Crypt:3  | Killed an ancient lich
 75652 | Tomb:3   | Identified the "Ujoon"
 75652 | Tomb:3   | Identified the "Seobaic"
 75652 | Tar:7    | Identified the "Vafarubb"
 75652 | Tar:7    | Identified the of Atip
 75652 | Dis:7    | Identified the "Aroem"
 75652 | Geh:7    | Identified the "Bitutzint"
 75652 | Zig:1    | Entered Level 1 of a ziggurat
 75686 | Zig:2    | Entered Level 2 of a ziggurat
 75749 | Zig:3    | Entered Level 3 of a ziggurat
 75750 | Zig:3    | Identified the staff "Xosh" {rElec rF+ SInv Stlth- Fire}
 75753 | Zig:3    | Reached skill level 1 in Earth Magic
 75781 | Zig:4    | Entered Level 4 of a ziggurat
 75783 | Zig:4    | Identified the +5 rapier of the Undead {pain, Stlth+}
 75807 | Zig:5    | Identified the "Castro Qiypt"
 75807 | Zig:5    | Entered Level 5 of a ziggurat
 75813 | Zig:5    | Identified the +1 ring mail "Uveinlup" {rN+ Dex-4 Slay+5}
 75856 | Zig:6    | Identified the of Qacath
 75856 | Zig:6    | Entered Level 6 of a ziggurat
 75896 | Zig:7    | Identified the of Yqon
 75896 | Zig:7    | Entered Level 7 of a ziggurat
 75944 | Zig:8    | Entered Level 8 of a ziggurat
 75954 | Zig:8    | Identified the +12 dire flail "Rocethrir" {flame, *Rage
                  | rElec rC+}
 75975 | Zig:8    | Acquired a book of Air
 76007 | Zig:9    | Entered Level 9 of a ziggurat
 76014 | Zig:9    | Identified the +4 war axe "Ovodd" {flame, rN+}
 76016 | Zig:9    | Noticed a royal mummy
 76016 | Zig:9    | Identified the ring "Ziklin" {rF- rN+ Dex+2 SInv}
 76016 | Zig:9    | Identified the amulet of Xasmoc {Rampage *Corrode rPois rC+
                  | Regen+}
 76019 | Zig:9    | Reached skill level 17 in Fighting
 76020 | Zig:9    | Killed a royal mummy
 76100 | Zig:10   | Entered Level 10 of a ziggurat
 76149 | Zig:11   | Entered Level 11 of a ziggurat
 76180 | Zig:11   | Identified the +7 broad axe "Gupypaci" {freeze, rC+}
 76210 | Zig:12   | Identified the "Ywoikhle"
 76210 | Zig:12   | Identified the of Exaestru
 76210 | Zig:12   | Entered Level 12 of a ziggurat
 76222 | Zig:12   | Identified the staff of Wrongful Imprisonment {Str+3 Dex+3
                  | Stlth+ Earth}
 76227 | Zig:12   | Identified the staff "Duocim" {rElec rPois Str+3 SInv
                  | Poison}
 76290 | Zig:13   | Entered Level 13 of a ziggurat
 76372 | Zig:14   | Identified the "Dattuxet"
 76372 | Zig:14   | Entered Level 14 of a ziggurat
 76382 | Zig:14   | Noticed a royal mummy
 76384 | Zig:14   | Noticed a royal mummy
 76388 | Zig:14   | Noticed a royal mummy
 76388 | Zig:14   | Noticed a royal mummy
 76390 | Zig:14   | Killed a royal mummy
 76391 | Zig:14   | Killed a royal mummy
 76393 | Zig:14   | Killed a royal mummy
 76397 | Zig:14   | Killed a royal mummy
 76398 | Zig:14   | Reached skill level 18 in Fighting
 76420 | Zig:14   | Found the +8 storm bow {elec, penet}
 76421 | Zig:14   | Identified the ring of Yqicenetsi {+Blink rElec MP-9 Dex+3
                  | SInv}
 76421 | Zig:14   | Identified the +11 war axe of Immorality {venom, rElec rF+
                  | Int+7 Dex-4 Stlth-}
 76421 | Zig:14   | Identified the +4 dagger of Wyrd {venom, Fragile rElec
                  | rPois Dex+7}
 76422 | Zig:14   | Identified the +1 chain mail "Vaklutad" {+Blink}
 76467 | Zig:15   | Identified the of Bewyveuc
 76467 | Zig:15   | Entered Level 15 of a ziggurat
 76504 | Zig:15   | Identified the +0 dagger "Kyarudoo" {speed, rC++ Int+4}
 76505 | Zig:15   | Identified the +1 ring mail "Ajamisu" {Str+10 Dex+3}
 76506 | Zig:15   | Identified the ring of Gozag's Generosity {rPois rN+}
 76524 | Zig:15   | Reached skill level 15 in Shapeshifting
 76532 | Zig:16   | Entered Level 16 of a ziggurat
 76569 | Zig:16   | Identified the +3 short sword "Tynaejuc" {venom, Will+}
 76573 | Zig:16   | Identified the +2 robe "Vajel" {Regen+ Dex+3}
 76574 | Zig:16   | Identified the +3 morningstar "Killer Bee's Peril" {flame,
                  | rC+++ rCorr Int+3 Dex-3}
 76618 | Zig:17   | Identified the "Astiowaa"
 76618 | Zig:17   | Entered Level 17 of a ziggurat
 76710 | Zig:17   | Identified the staff "Xejosuev" {rElec rF- rN+ rCorr MP+9
                  | Necro}
 76711 | Zig:17   | Identified the +3 morningstar "Lefuleru" {holy, rF+ Stlth+}
 76712 | Zig:17   | Identified the +8 demon trident "Concordance" {venom, rN+
                  | rCorr SInv}
 76712 | Zig:17   | Identified the +0 leather armour of Syndicalism {Int+3}
 76748 | Zig:18   | Identified the of Liruin
 76748 | Zig:18   | Entered Level 18 of a ziggurat
 76782 | Zig:18   | Identified the +2 shortbow "Sof Udio" {heavy, Stlth+}
 76791 | Zig:18   | Identified the +4 sling "Arcanum" {heavy, Will+}
 76831 | Zig:19   | Entered Level 19 of a ziggurat
 76848 | Zig:19   | Noticed a dread lich
 76851 | Zig:19   | Killed a dread lich
 76852 | Zig:19   | Reached skill level 5 in Earth Magic
 76852 | Zig:19   | Noticed an ancient lich
 76853 | Zig:19   | Noticed an ancient lich
 76855 | Zig:19   | Killed an ancient lich
 76858 | Zig:19   | Killed an ancient lich
 76864 | Zig:19   | Identified the +0 cloak of Failure {Will+ Str+3 Int+5}
 76865 | Zig:19   | Identified the staff "Kesuips" {Int-3 SInv Conj Necro}
 76865 | Zig:19   | Identified the ring "Susch" {rElec Dex+6}
 76867 | Zig:19   | Identified the +2 ring mail "Heenoum" {Rampage rElec rPois
                  | Int+3}
 76918 | Zig:20   | Entered Level 20 of a ziggurat
 76953 | Zig:20   | Found the macabre finger necklace {Finger+ rN+}
 76953 | Zig:20   | Identified the ring of Noel {*Slow rF+ rC+ rN++ AC+4}
 76953 | Zig:20   | Identified the staff "Udinamuo" {rF+ rC- Dex+6 Fire}
 76954 | Zig:20   | Identified the +0 leather armour "Itrod" {rPois rF+ Str+3
                  | Dex+3}
 76954 | Zig:20   | Identified the +2 leather armour "Zysuvvim" {Contam Rampage
                  | rC+ Str+6}
 76959 | Zig:20   | Found the +7 lajatang of Order {silver, rMut}
 76964 | Zig:20   | Identified the +2 arbalest "Itynlot" {drain, rF+ Dex+3}
 76964 | Zig:20   | Identified the ring of the Hero {rF+ Int+2 Slay+3}
 77035 | Zig:21   | Entered Level 21 of a ziggurat
 77082 | Zig:21   | Identified the +4 quarterstaff of the Lettuce {protect,
                  | Int+4}
 77082 | Zig:21   | Identified the ring "Soafal" {rPois AC+4}
 77083 | Zig:21   | Identified the staff of Ambiguity {Str+3 Earth}
 77085 | Zig:21   | Identified the staff of Ancient Evil {rElec rPois Will-
                  | Int+4 Poison}
 77085 | Zig:21   | Found the ring of Shadows {Umbra +Inv Stlth+}
 77130 | Zig:21   | Identified the ring of Anaxata {rElec rF- rC- Int+10 SInv}
 77226 | Zig:22   | Identified the of Zevvam
 77226 | Zig:22   | Entered Level 22 of a ziggurat
 77278 | Zig:22   | Identified the staff "Xiunga" {rPois rF++ Int+3 Dex-4 Conj
                  | Poison}
 77284 | Zig:22   | Identified the +3 scale mail "Cohenler" {*Slow rN+ Slay+3}
 77285 | Zig:22   | Identified the ring "Jyofeedia" {Fire Will+ MP+9 Str+3
                  | Dex-5}
 77286 | Zig:22   | Identified the amulet "Ushot" {Reflect +Blink +Inv SH+5}
 77286 | Zig:22   | Identified the +4 scale mail of Awe {rElec Dex+3}
 77376 | Zig:23   | Identified the "Picuassi"
 77376 | Zig:23   | Identified the "Baicouv"
 77376 | Zig:23   | Identified the of Tix Ryng
 77376 | Zig:23   | Entered Level 23 of a ziggurat
 77391 | Zig:23   | Paralysed by an air elemental for 1 turns
 77419 | Zig:23   | Identified the +6 war axe of Internal Strife {flame, +Blink
                  | rF+++ rN+ Int-5}
 77449 | Zig:23   | Found the +5 robe of Night {Dark Will+ SInv}
 77450 | Zig:23   | Identified the staff "Penor" {rC+ rN+ rCorr Str+2 Ice}
 77534 | Zig:24   | Identified the "Canid"
 77534 | Zig:24   | Entered Level 24 of a ziggurat
 77558 | Zig:24   | Noticed an ancient lich
 77561 | Zig:24   | Noticed an ancient lich
 77562 | Zig:24   | Killed an ancient lich
 77564 | Zig:24   | Reached skill level 15 in Dodging
 77564 | Zig:24   | Killed an ancient lich
 77573 | Zig:24   | Identified the +4 sling of Geaptaf {antimagic, rN+++
                  | Stlth-}
 77575 | Zig:24   | Identified the +1 glaive "Jomi" {freeze, *Noise rC+ Str+4}
 77576 | Zig:24   | Identified the +5 chain mail of Gacirigi {rC+}
 77577 | Zig:24   | Identified the +8 hand axe "Qoliov" {holy, rCorr}
 77595 | Zig:24   | Reached skill level 10 in Earth Magic
 77632 | Zig:25   | Identified the "Hiulaq"
 77632 | Zig:25   | Entered Level 25 of a ziggurat
 77731 | Zig:25   | Found the amulet of Vitality {RegenMP++ Regen++}
 77732 | Zig:25   | Found the +4 consecrated labrys {holy, Valiant Fragile Fly
                  | SInv}
 77845 | Zig:26   | Identified the of Lioteops
 77845 | Zig:26   | Identified the of Apeidet
 77845 | Zig:26   | Identified the "Ycliur"
 77845 | Zig:26   | Identified the of Onofog
 77845 | Zig:26   | Entered Level 26 of a ziggurat
 77906 | Zig:26   | Identified the +3 whip "Embalmer" {freeze, rF+ Int+4 SInv}
 77915 | Zig:26   | Identified the ring of Uxze {Fly rC+ Dex-5 Stlth+}
 77916 | Zig:26   | Identified the ring "Seod Qur" {Will+ MP+9 Dex+4 Stlth+}
 77952 | Zig:26   | Learned a level 9 spell: Shatter
 77970 | Zig:26   | Reached skill level 15 in Earth Magic
 78068 | Zig:27   | Entered Level 27 of a ziggurat
 78084 | Zig:27   | Noticed an ancient lich
 78091 | Zig:27   | Noticed a dread lich
 78091 | Zig:27   | Noticed a dread lich
 78092 | Zig:27   | Killed an ancient lich
 78092 | Zig:27   | Noticed a dread lich
 78093 | Zig:27   | Noticed a dread lich
 78095 | Zig:27   | Killed a dread lich
 78095 | Zig:27   | Killed a dread lich
 78095 | Zig:27   | Killed a dread lich
 78096 | Zig:27   | Noticed an ancient lich
 78097 | Zig:27   | Killed a dread lich
 78099 | Zig:27   | Noticed a dread lich
 78100 | Zig:27   | Killed an ancient lich
 78102 | Zig:27   | Noticed an ancient lich
 78103 | Zig:27   | Killed a dread lich
 78103 | Zig:27   | Noticed an ancient lich
 78106 | Zig:27   | Killed an ancient lich
 78108 | Zig:27   | Killed an ancient lich
 78135 | Zig:27   | Identified the +9 sling "Killer Bee's Doom" {heavy, rElec
                  | Str+3}
 78135 | Zig:27   | Identified the ring "Maish" {Fire Str+2 Int+2 Dex+3 Stlth+}
 78137 | Zig:27   | Found the necklace of Bloodlust {Fury *Rage Will++ Int-3
                  | Slay+6}
 78138 | Zig:27   | Identified the +3 leather armour of the Swan {SInv}
 78388 | Zot:5    | Entered Level 5 of the Realm of Zot
 78619 | Zot:5    | Noticed an orb of fire
 78631 | Zot:5    | Killed an orb of fire
 78639 | Zot:5    | Reached skill level 10 in Ice Magic
 78744 | Zot:5    | Noticed a dread lich
 78744 | Zot:5    | Noticed an orb of fire
 78749 | Zot:5    | Killed an orb of fire
 78754 | Zot:5    | Killed a dread lich
 79062 | Zot:5    | Learned a level 9 spell: Polar Vortex
 79072 | Zot:5    | Learned a level 9 spell: Fire Storm
 79618 | Tomb:1   | Entered Level 1 of the Tomb of the Ancients
 79856 | Tomb:1   | Reached skill level 15 in Ice Magic
 79856 | Tomb:1   | Noticed a royal mummy
 79861 | Tomb:1   | Killed a royal mummy
 79868 | Tomb:1   | Identified the +1 trident of Qikeefid {holy, rF- Will+
                  | rCorr Int+2}
 79910 | Tomb:1   | Noticed a royal mummy
 79915 | Tomb:1   | Killed a royal mummy
 80190 | Tomb:1   | Identified the amulet of Scepticism {Faith rC++ rCorr
                  | Slay+6}
 80316 | Tomb:1   | Noticed a royal mummy
 80317 | Tomb:1   | Noticed a royal mummy
 80318 | Tomb:1   | Killed a royal mummy
 80319 | Tomb:1   | Reached skill level 1 in Necromancy
 80319 | Tomb:1   | Killed a royal mummy
 80321 | Tomb:1   | Noticed a royal mummy
 80328 | Tomb:1   | Killed a royal mummy
 80328 | Tomb:1   | Noticed a royal mummy
 80330 | Tomb:1   | Noticed a royal mummy
 80332 | Tomb:1   | Killed a royal mummy
 80334 | Tomb:1   | Killed a royal mummy
 80358 | Tomb:1   | Noticed a royal mummy
 80360 | Tomb:1   | Noticed a royal mummy
 80362 | Tomb:1   | Killed a royal mummy
 80365 | Tomb:1   | Killed a royal mummy
 80372 | Tomb:1   | Noticed a royal mummy
 80376 | Tomb:1   | Killed a royal mummy
 80377 | Tomb:1   | Reached skill level 5 in Necromancy
 80394 | Tomb:1   | Noticed a royal mummy
 80399 | Tomb:1   | Killed a royal mummy
 80404 | Tomb:1   | Noticed a royal mummy
 80407 | Tomb:1   | Killed a royal mummy
 80436 | Tomb:1   | Noticed a royal mummy
 80438 | Tomb:1   | Noticed a royal mummy
 80438 | Tomb:1   | Noticed a royal mummy
 80440 | Tomb:1   | Killed a royal mummy
 80440 | Tomb:1   | Killed a royal mummy
 80441 | Tomb:1   | Killed a royal mummy
 80523 | Tomb:1   | Noticed a royal mummy
 80526 | Tomb:1   | Noticed a royal mummy
 80533 | Tomb:1   | Noticed a royal mummy
 80534 | Tomb:1   | Killed a royal mummy
 80536 | Tomb:1   | Killed a royal mummy
 80539 | Tomb:1   | Killed a royal mummy
 80641 | Tomb:2   | Noticed a royal mummy
 80641 | Tomb:2   | Noticed a royal mummy
 80641 | Tomb:2   | Noticed a royal mummy
 80642 | Tomb:2   | Noticed a royal mummy
 80645 | Tomb:2   | Killed a royal mummy
 80645 | Tomb:2   | Killed a royal mummy
 80646 | Tomb:2   | Killed a royal mummy
 80647 | Tomb:2   | Killed a royal mummy
 80701 | Tomb:2   | Identified the +0 leather armour of Cowardice {MP+9 Stlth+}
 80709 | Tomb:2   | Identified the +8 ring mail of Decaying Intercession {Harm
                  | rPois Str+3 Slay-6}
 81036 | Tomb:3   | Entered Level 3 of the Tomb of the Ancients
 81047 | Tomb:3   | Noticed Mennas
 81052 | Tomb:3   | Noticed a royal mummy
 81054 | Tomb:3   | Found the ring of the Mage {Wiz Archmagi}
 81055 | Tomb:3   | Noticed a royal mummy
 81056 | Tomb:3   | Noticed a royal mummy
 81056 | Tomb:3   | Noticed a royal mummy
 81057 | Tomb:3   | Killed Mennas
 81057 | Tomb:3   | Noticed a royal mummy
 81059 | Tomb:3   | Noticed a royal mummy
 81059 | Tomb:3   | Noticed a royal mummy
 81059 | Tomb:3   | Killed a royal mummy
 81059 | Tomb:3   | Killed a royal mummy
 81061 | Tomb:3   | Noticed a royal mummy
 81062 | Tomb:3   | Killed a royal mummy
 81062 | Tomb:3   | Killed a royal mummy
 81062 | Tomb:3   | Noticed a royal mummy
 81063 | Tomb:3   | Killed a royal mummy
 81064 | Tomb:3   | Killed a royal mummy
 81064 | Tomb:3   | Killed a royal mummy
 81064 | Tomb:3   | Killed a royal mummy
 81065 | Tomb:3   | Killed a royal mummy
 81067 | Tomb:3   | Reached skill level 5 in Throwing
 81116 | Tomb:3   | Identified the +2 pair of boots of the Imp {Drain rElec
                  | Regen+}
 81188 | Tomb:3   | Acquired the +2 helmet of Vira Gaisch {Dex+4}
 81257 | Tomb:3   | Identified the +6 sling of Woe {elec, rF+ SInv}
 81258 | Tomb:3   | Identified the ring "Fawesaz" {EV+5 Dex+4}
 81259 | Tomb:3   | Identified the +5 arbalest "Newtslayer" {drain, rN+ Will-
                  | Str+3 Dex+3}
 81436 | Tomb:3   | Got a golden rune of Zot
 82265 | Swamp:4  | Got a decaying rune of Zot
 82673 | Pan      | Entered Pandemonium
 82930 | Pan      | Noticed Ruecluriar the pandemonium lord
 82935 | Pan      | Killed Ruecluriar the pandemonium lord
 83121 | Pan      | Identified the of Podiril
 83121 | Pan      | Entered the realm of Cerebov.
 83169 | Pan      | Identified the ring "Fucwac" {Will+ Dex+3 Stlth+}
 83205 | Pan      | Got a fiery rune of Zot
 83244 | Pan      | Found the +6 sword of Cerebov {flame}
 83244 | Pan      | Noticed Cerebov
 83251 | Pan      | Killed Cerebov
 83331 | Pan      | Identified the staff of the End of Times {+Blink rN+ Will++
                  | Dex-2 Stlth+ Necro}
 83395 | Pan      | Identified the +6 whip "Dumac" {heavy, rC+ Will+ Int+2
                  | Stlth+}
 83562 | Pan      | Entered the realm of Gloorx Vloq.
 83688 | Pan      | Reached skill level 10 in Throwing
 83691 | Pan      | Noticed Gloorx Vloq
 83696 | Pan      | Killed Gloorx Vloq
 83703 | Pan      | Got a dark rune of Zot
 83771 | Pan      | Noticed Duwiruso the pandemonium lord
 83774 | Pan      | Killed Duwiruso the pandemonium lord
 83781 | Pan      | Entered the realm of Mnoleg.
 83806 | Pan      | Reached skill level 19 in Fighting
 83860 | Pan      | Noticed Mnoleg
 83864 | Pan      | Killed Mnoleg
 83881 | Pan      | Got a glowing rune of Zot
 83929 | Pan      | Found an exit through the horrors of the Abyss.
 84120 | Pan      | Entered the realm of Lom Lobon.
 84229 | Pan      | Noticed Lom Lobon
 84280 | Pan      | Found an exit through the horrors of the Abyss.
 84727 | Pan      | Killed Lom Lobon
 84765 | Pan      | Got a magical rune of Zot
 84864 | Pan      | Identified the "Wepnammexukh"
 84889 | Pan      | Noticed Usizauwk the pandemonium lord
 84893 | Pan      | Killed Usizauwk the pandemonium lord
 84930 | Pan      | Identified the +0 ring mail "Cyis" {Rampage rF++}
 85066 | Pan      | Noticed Xatamn the pandemonium lord
 85069 | Pan      | Killed Xatamn the pandemonium lord
 85355 | Pan      | Reached skill level 20 in Fighting
 85410 | Pan      | Reached skill level 15 in Armour
 85411 | Pan      | Noticed Jayguh the pandemonium lord
 85413 | Pan      | Killed Jayguh the pandemonium lord
 85422 | Pan      | Found a runed translucent door.
 85423 | Pan      | Found a runed translucent door.
 85426 | Pan      | Found a runed translucent door.
 85426 | Pan      | Found a runed translucent door.
 85617 | Pan      | Noticed Geteir the pandemonium lord
 85620 | Pan      | Killed Geteir the pandemonium lord
 85986 | Pan      | Noticed Edaer the pandemonium lord
 85990 | Pan      | Killed Edaer the pandemonium lord
 86055 | Pan      | Found an exit through the horrors of the Abyss.
 86080 | Pan      | Noticed Fuimad the pandemonium lord
 86084 | Pan      | Killed Fuimad the pandemonium lord
 86085 | Pan      | Reached skill level 21 in Fighting
 86145 | Pan      | Found an exit through the horrors of the Abyss.
 86172 | Pan      | Noticed Tiqan the pandemonium lord
 86176 | Pan      | Killed Tiqan the pandemonium lord
 86196 | Pan      | Noticed Ignacio
 86201 | Pan      | Killed Ignacio
 86266 | Pan      | Noticed Vyrik the pandemonium lord
 86269 | Pan      | Found an exit through the horrors of the Abyss.
 86271 | Pan      | Killed Vyrik the pandemonium lord
 86345 | Pan      | Got a demonic rune of Zot
 86423 | Pan      | Took an exit into the Abyss.
 86423 | Abyss:3  | Escaped into the Abyss
 86436 | Depths:2 | Escaped the Abyss
 86536 | Hell     | Entered the Vestibule of Hell
 86536 | Hell     | Noticed Geryon
 86541 | Hell     | Killed Geryon
 86550 | Hell     | Reached skill level 22 in Fighting
 86581 | Hell     | Found a gateway to the freezing wastes of Cocytus.
 86596 | Coc:1    | Entered Level 1 of Cocytus
 86596 | Coc:1    | Noticed an ancient lich
 86597 | Coc:1    | Killed an ancient lich
 86729 | Coc:5    | You fall into a shaft and drop 1 floor!
 86774 | Coc:7    | Entered Level 7 of Cocytus
 86777 | Coc:7    | Noticed the Serpent of Hell
 86781 | Coc:7    | Killed the Serpent of Hell
 86837 | Coc:7    | Reached skill level 23 in Fighting
 86861 | Coc:7    | Noticed Antaeus
 86872 | Coc:7    | Killed Antaeus
 86896 | Coc:7    | Got an icy rune of Zot
 86897 | Coc:7    | Found the +9 staff of Olgreb {rPois∞}
 86897 | Coc:7    | Identified the amulet "Ziney" {Spirit Dex+5}
 86900 | Coc:7    | Identified the +3 scale mail "Afikal" {Drain rPois Dex+3}
 87171 | Hell     | Found a gateway to the Iron City of Dis.
 87182 | Dis:1    | Entered Level 1 of the Iron City of Dis
 87216 | Dis:3    | Noticed an ancient lich
 87217 | Dis:3    | Killed an ancient lich
 87338 | Dis:4    | Reached skill level 15 in Evocations
 87476 | Dis:6    | Noticed a dread lich
 87483 | Dis:6    | Killed a dread lich
 87515 | Dis:7    | Entered Level 7 of the Iron City of Dis
 87711 | Dis:7    | Reached skill level 24 in Fighting
 88211 | Dis:7    | Noticed a juggernaut
 88215 | Dis:7    | Killed a juggernaut
 88283 | Dis:7    | Identified the ring "Eppung" {Will+ Slay+4}
 88665 | Dis:7    | Noticed a juggernaut
 88667 | Dis:7    | Killed a juggernaut
 88771 | Dis:7    | Identified the +8 long sword "Karucete" {heavy, Fragile
                  | rPois Int+3 Dex+3}
 88771 | Dis:7    | Noticed Dispater
 88780 | Dis:7    | Killed Dispater
 88843 | Dis:7    | Got an iron rune of Zot
 89032 | Hell     | Found a gateway to the decaying netherworld of Tartarus.
 89046 | Tar:1    | Entered Level 1 of Tartarus
 89513 | Tar:7    | Entered Level 7 of Tartarus
 89696 | Tar:7    | Identified the staff "Hookicw" {rN+ Str+3 Necro}
 90029 | Tar:7    | Noticed Ereshkigal
 90033 | Tar:7    | Killed Ereshkigal
 90075 | Tar:7    | Identified the ring "Doocw" {+Blink rF- Str+6 Dex+8 Stlth-}
 90083 | Tar:7    | Got a bone rune of Zot
 90246 | Hell     | Found a gateway to the ashen valley of Gehenna.
 90255 | Geh:1    | Entered Level 1 of Gehenna
 90288 | Geh:2    | Noticed an ancient lich
 90290 | Geh:2    | Killed an ancient lich
 91014 | Geh:7    | Entered Level 7 of Gehenna
 91033 | Geh:7    | Found the +13 sceptre of Asmodeus
 91033 | Geh:7    | Noticed Asmodeus
 91040 | Geh:7    | Killed Asmodeus
 91063 | Geh:7    | Got an obsidian rune of Zot
 91288 | Zot:5    | Got the Orb of Zot
 91855 | D:$      | Escaped with the Orb!

Illustrated notes

Levels and vault maps discovered:
D:1:      mrwooster_arrival_statue, layout_rooms, serial_bayou_pond_a,
          minmay_bisected
D:2:      layout_basic, minmay_parallelograms
D:3:      layout_basic, marbit_many_paths, serial_shops, nicolae_shop_trees,
          minmay_crystal_room
D:4:      layout_basic, chequers_temple_overflow_statue_of_worship,
          grunt_ministairs_2, fountainhead, kennysheep_generic_room_13
D:5:      layout_basic, minmay_temple_entry_proselytizer, uniq_blork_the_orc,
          uniq_menkaure
D:6:      layout_basic, gammafunk_ghost_abyssal_escape, uniq_sigmund,
          uniq_prince_ribbit1
D:7:      layout_basic, minmay_hedge_maze, hangedman_abyss_or_decor_slice,
          nicolae_grassy_gnolls, uniq_crazy_yiuf_cottage
D:8:      layout_loops_ring, dpeg_oklobed_lair, minmay_holes, uniq_maurice
D:9:      layout_irregular_city, trog_hazing_becter, hiddenorc2_lemuel,
          enter_bailey_4, nicolae_where_there's_smoke, uniq_harold
D:10:     layout_roguey, hellmonk_guarded_unrand_lears, uniq_grum
D:11:     layout_roguey, serial_bayou, serial_bayou_lagoon_b,
          serial_bayou_pond_c, serial_bayou_pond_a, serial_bayou_lagoon_a,
          nrook_guardian_serpent_double
D:12:     layout_loops_ring, enter_trove_3
D:13:     minmay_outward_triangles, layout_stronghold,
          grunt_vaults_entry_tiered, nicolae_nh_vlads_tower
D:14:     layout_irregular_city, serial_column_ruins, column_ruins_hut,
          column_ruins_grid_1, column_ruins_columns_corner, column_ruins_grid_1,
          column_ruins_open_tiny, column_ruins_columns_T, elyvilon_altar_3
D:15:     gammafunk_enter_depths_forms, layout_loops_ring,
          nicolae_sif_muna_condensation, grunt_decor_one_mirror
Lair:1:   hellmonk_ruined_rings, layout_small_grid, infiniplex_staircase_pool
Lair:2:   lemuel_reptile_caves, layout_gridlike, guppyfry_snake_entry_garden,
          gammafunk_ghost_ooze, ice2_lemuel
Lair:3:   nzn_winding_woodlands_cross [nzn_winding_woodlands_5x15_eye,
          nzn_winding_woodlands_5x15_river_crossing,
          nzn_winding_woodlands_5x15_garden, nzn_winding_woodlands_5x15_crooked,
          nzn_winding_woodlands_15x15_boxy_spiral], layout_cellular_growth,
          alex1729_swamp_entry_worm_eleionoma, beast_lair_carwin_6
Lair:4:   layout_big_grid, minmay_slime_entry_pillars,
          infiniplex_staircase_pool_2, uniq_josephine, uniq_snorg
Lair:5:   cheibrodos_lair_end_hotspot, layout_regular_city,
          chequers_serial_rivers_micro_a, grunt_forest_small_clearing_treed
Swamp:1:  layout_basic_swamp, evilmike_swamp_ruin_house_1,
          nicolae_swamp_catching_bugs, nicolae_swamp_tree_isthmus, uniq_louise
Swamp:2:  layout_falls_marsh, evilmike_swamp_ruin_rubble_1
Swamp:3:  layout_falls_marsh, evilmike_swamp_ruin_wall, uniq_bai_suzhen
Swamp:4:  swamp_fiery, layout_basic_swamp, uniq_kirke
Snake:1:  layout_layer_cave, serial_shops, shop, ebering_ghost_rock_garden
Snake:2:  layout_basic, basic_altar, evilmike_ambush
          [evilmike_ambush_outer_doors, evilmike_ambush_inner_basic],
          minmay_shop_star, grunt_megastairs_5, uniq_vashnia, uniq_roxanne
Snake:3:  layout_basic, serial_bayou_pond_c
Snake:4:  hellmonk_snake_rune_quicksilver_temple, layout_cave_town,
          ebering_ghost_inner_flame, uniq_saint_roka
Slime:1:  layout_caves
Slime:2:  layout_caves
Slime:3:  layout_caves
Slime:4:  layout_caves
Slime:5:  slime_pit_nicolae_royal_road_to_ruin
Orc:1:    layout_caves, serial_shops, shop, minmay_orc_temple_c, uniq_jorgrun
Orc:2:    grunt_orc_gardens, layout_diamond_mine, grunt_orc_garden,
          grunt_orc_garden, grunt_orc_garden, grunt_orc_garden,
          nicolae_shop_gadgets
Elf:1:    layout_rooms, orc_legates, kilobyte_rumbling_trees
Elf:2:    nicolae_elf_blades_splatter_lattice [infiniplex_blade_entry_pillars],
          layout_geoelf_octagon, serial_shops, nicolae_shop_trees,
          uniq_asterion, uniq_norris
Elf:3:    grunt_elf_hall_diamonds, layout_gridlike, serial_shops,
          bzr_entry_dummy, nicolae_shop_tiny_glass, shop,
          portal_ice_cave_entry_ice_statue_one, drop_trap
Vaults:1: nicolae_vaults_sightless_eye, hangedman_vaults_snaps,
          nicolae_vaults_tetromino_Z_1, v_rooms_6,
          nicolae_vaults_trapezoid_lopsided_4, nicolae_vaults_cornered_office,
          nicolae_vaults_diamond_1, nicolae_vaults_tangram_1,
          nicolae_vaults_wrenched, nicolae_vaults_what_the_h,
          grunt_vaults_hallway_long, nicolae_vaults_trapezoid_1,
          nicolae_vaults_little_squares_5, nicolae_vaults_library_corner,
          layout_vaults_ring
Vaults:2: nicolae_vaults_tetromino_L_1, nicolae_vaults_branching_niches,
          v_misc_3, nicolae_vaults_tetromino_Z_2, nicolae_vaults_tetromino_L_2,
          v_rooms_1, nicolae_vaults_lightning_bolt, v_alt_pattern_1,
          nicolae_vaults_turnstiles, nicolae_vaults_octothorpe,
          nicolae_vaults_three_branches, layout_vaults_chaotic_city, uniq_boris
Vaults:3: gammafunk_ghost_smash, v_misc_4, hangedman_vaults_unwind,
          hangedman_vaults_pinch, nicolae_vaults_weapon_check,
          nicolae_vaults_triangles, nicolae_vaults_octagons, v_misc_28,
          nicolae_vaults_layer_cake_slice, ontoclasm_vaults_gateway,
          minmay_crypt_entry_necro_gods, nicolae_vaults_house_1,
          layout_vaults_omnicross, serial_shops, nicolae_diamond_shop,
          uniq_donald, uniq_margery
Vaults:4: nicolae_vaults_little_squares_5, nicolae_vaults_door_testing_chamber,
          v_rooms_3, nicolae_vaults_doubleplus_tesselated, vaults_mumra_hexcomb,
          nicolae_vaults_closet_pinwheel_4, hangedman_vaults_trim,
          ontoclasm_vaults_pinch, st_lattice, layout_vaults_omnigrid,
          serial_shops, shop
Vaults:5: serial_shops, uniq_sojobo
Crypt:1:  lemuel_minitomb, layout_rooms, hangedman_crypt_dual_shrines
Crypt:2:  layout_misc_corridors, lightli_enter_wizlab_magi_temple
Crypt:3:  david_glass_crypt, layout_gridlike, tomb_entry_forgotten_bobbens,
          uniq_frederick
Tomb:1
Tomb:2
Tomb:3:   uniq_mennas
Depths:1: layout_big_octagon, hell_entry, eat_drink_and_be_merry_uskayaw
Depths:2: kennysheep_blocky_room, layout_honeycomb,
          chequers_serial_rivers_marsh, hell_entry, grunt_pan_entry_in_and_out,
          infiniplex_staircase_split_hallway
Depths:3: grunt_runaround [grunt_runaround_doors_1, grunt_runaround_doors_2,
          grunt_runaround_doors_3, grunt_runaround_doors_4,
          grunt_runaround_loot], abyss_entry, hell_entry
Depths:4: grunt_zot_entry_funnels, layout_gridlike, enter_ziggurat_e,
          abyss_entry, nicolae_tso_carved_into_rock, hell_entry,
          grunt_ministairs_3, nicolae_transporter_intersection, uniq_josephina,
          uniq_parghit
Hell
Dis:1:    layout_overlapping_boxes
Dis:2:    layout_regular_city, nicolae_hells_hurtin_island
Dis:3:    layout_overlapping_boxes, nicolae_dis_emergency_hatch
Dis:4:    layout_regular_city, nicolae_dis_grated_feature
Dis:5:    layout_subdivisions
Dis:6:    layout_subdivisions, nicolae_hells_fiendish_ambush
Dis:7:    dis_st
Geh:1:    layout_gehenna_pools_box, lemuel_flamethrower_2
Geh:2:    layout_gehenna_lava_caves
Geh:3:    layout_gehenna_pools_triple, nicolae_geh_lava_shack
Geh:4:    layout_gehenna_pools_box
Geh:5:    layout_gehenna_lava_caves
Geh:6:    layout_gehenna_pools_basic
Geh:7:    geh_old
Coc:1:    layout_ice_bergs
Coc:2:    layout_cocytus_water_paths
Coc:3:    layout_ice_bergs
Coc:4:    nicolae_coc_through_the_icewall, layout_cocytus_delve, serial_ice,
          serial_ice_f, serial_ice_c, serial_ice_g
Coc:5:    nicolae_coc_naught_crossing, layout_cocytus_delve,
          nicolae_hells_seeping_fissure
Coc:6:    layout_cocytus_water_paths
Coc:7:    coc_old
Tar:1:    layout_catacombs
Tar:2:    layout_grid_maze
Tar:3:    layout_honeycomb, evilmike_ambush [evilmike_ambush_outer_basic,
          evilmike_ambush_inner_basic]
Tar:4:    layout_grid_maze
Tar:5:    layout_honeycomb
Tar:6:    nicolae_tar_checkpoint_tarlie, layout_cathedral_of_symmetry,
          nicolae_tar_cuneiform_bread
Tar:7:    tar_minmay_river
Zot:1:    layout_twisted_circle
Zot:2:    layout_concentric_octagons, hangedman_zot_wheel_spokes
Zot:3:    minmay_elemental_castle, layout_basic, grunt_megastairs_2
Zot:4:    layout_basic, regret_index_zot_stipple_split
Zot:5:    layout_cellular_growth, nicolae_tricolors

Skill      XL: |  1  2  3  4  5  6  7  8  9 10 11 12 13 14 15 16 17 18 19 20 21 22 23 24 25 26 27 |
---------------+----------------------------------------------------------------------------------+-----
Summonings     | 5 6 7 |  7.6
Fighting       | 1 2 4 6 8 10 11 12 13 14 15 16 24 | 24.9
Hexes          | 1 2 |  2.6
Spellcasting   | 3 4 6 9 10 11 12 15 16 22 | 22.1
Air Magic      | 2 5 7 8 9 10 13 15 17 18 | 18.8
Fire Magic     | 1 5 8 10 11 13 | 13.4
Dodging        | 3 5 7 8 11 12 23 | 23.8
Evocations     | 5 8 10 20 | 20.0
Staves         | 4 7 |  7.8
Shields        | 2 3 7 10 12 13 15 17 | 17.7
Conjurations   | 4 8 9 10 13 15 18 20 22 23 | 23.8
Ice Magic      | 4 18 | 18.0
Armour         | 4 9 12 19 | 19.8
Transmutations | 5 |  5.9
Shapeshifting  | 3 9 23 | 23.0
Earth Magic    | 18 | 18.3
Necromancy     | 7 |  7.8
Throwing       | 12 | 12.4
Stealth        | |  1.7

Action                     |  1- 3 |  4- 6 |  7- 9 | 10-12 | 13-15 | 16-18 | 19-21 | 22-24 | 25-27 || total
---------------------------+-------+-------+-------+-------+-------+-------+-------+-------+-------++-------
  Melee: Unarmed           |    12 |       |       |       |       |       |       |       |       ||    12
         Dagger            |    77 |    76 |   120 |   123 |    58 |       |       |       |       ||   454
         Punch             |     2 |       |     6 |     4 |     2 |       |       |       |       ||    14
         Tailslap          |       |     9 |    21 |    22 |    99 |   130 |   303 |   459 |   296 ||  1339
         Staff             |       |       |       |       |   413 |   634 |  1140 |  1627 |   937 ||  4751
   Cast: Summon Small Mamm |    36 |     8 |     1 |     3 |       |       |       |       |       ||    48
         Call Imp          |    17 |    10 |    20 |    19 |       |       |       |       |       ||    66
         Call Canine Famil |       |    11 |    37 |    55 |     3 |       |       |       |       ||   106
         Summon Guardian G |       |     2 |    25 |    32 |     2 |       |       |     1 |       ||    62
         Summon Lightning  |       |       |    28 |    64 |     2 |       |       |       |       ||    94
         Plasma Beam       |       |       |       |    88 |   393 |   445 |   308 |   362 |    92 ||  1688
         Freezing Cloud    |       |       |       |       |       |    17 |     1 |    10 |       ||    28
         Irradiate         |       |       |       |       |       |       |    29 |    30 |     6 ||    65
         Chain Lightning   |       |       |       |       |       |       |       |       |   919 ||   919
         Ignition          |       |       |       |       |       |       |       |       |   158 ||   158
         Shatter           |       |       |       |       |       |       |       |       |   676 ||   676
         Fire Storm        |       |       |       |       |       |       |       |       |    44 ||    44
         Polar Vortex      |       |       |       |       |       |       |       |       |    25 ||    25
 Invoke: Curse Item        |       |     1 |     3 |     3 |     3 |     2 |     2 |     1 |     3 ||    18
         Shatter the Chain |       |       |       |       |     1 |     2 |     1 |     1 |     3 ||     8
Ability: Hurl Damnation    |       |       |       |       |       |       |       |       |     2 ||     2
         Begin Untransform |       |       |       |       |       |       |       |       |     1 ||     1
  Evoke: Wand              |       |       |       |     9 |     3 |    13 |     7 |     1 |     7 ||    40
         Phial of floods   |       |       |       |     3 |       |     1 |       |       |     1 ||     5
    Use: Scroll            |     4 |     1 |     5 |     8 |     6 |    10 |     7 |     6 |    19 ||    66
         Potion            |       |       |     1 |     9 |     9 |     2 |     9 |     8 |    13 ||    51
   Stab: Distracted        |     1 |     2 |     3 |     2 |     2 |       |     2 |     1 |     2 ||    15
         Sleeping          |     1 |     1 |     1 |       |       |       |     1 |     1 |     4 ||     9
         Invisible         |       |       |       |     1 |       |       |       |     4 |       ||     5
         Paralysed         |       |       |       |       |     3 |     2 |       |       |       ||     5
 Armour: Robe              |    41 |    56 |   169 |   240 |   300 |    32 |       |       |       ||   838
         Skin              |       |       |       |    12 |       |       |       |       |       ||    12
         Troll leather arm |       |       |       |       |       |   454 |   547 |   793 |  1174 ||  2968
  Dodge: Dodged            |    65 |    66 |   128 |   235 |   272 |   420 |   520 |   581 |   594 ||  2881
  Block: Other             |       |       |       |   101 |    77 |       |       |       |       ||   178
         Reflection        |       |       |       |       |    22 |    64 |    84 |    27 |    19 ||   216
         Buckler           |       |       |       |       |   242 |   594 |   927 |    31 |       ||  1794
         Kite shield       |       |       |       |       |       |       |       |  1912 |  1378 ||  3290
   Form: Death             |       |       |       |       |       |       |       |       |     2 ||     2

Table legend: (Time is in decaauts)
 A = Elapsed time spent in this place.
 B = Non-inter-level travel time spent in this place.
 C = Inter-level travel time spent in this place.
 D = Time resting spent in this place.
 E = Time spent auto-exploring this place.
 F = Levels seen in this place.
 G = Mean time per level.
                   A        B        C        D        E       F      G
               +--------+--------+--------+--------+--------+-----+--------+
         Total |  91470 |  82129 |   9341 |   5483 |  55684 | 144 |  635.2 |
       Dungeon |  20496 |  17391 |   3105 |   1289 |  12772 |  15 | 1366.4 |
          Lair |  10826 |   9876 |    950 |    914 |   6964 |   5 | 2165.2 |
         Swamp |   4330 |   4076 |    254 |   1025 |   2495 |   4 | 1082.5 |
     Snake Pit |   7099 |   6659 |    440 |    561 |   4881 |   4 | 1774.8 |
    Slime Pits |   2531 |   2391 |    140 |    482 |   1435 |   5 |  506.2 |
  Orcish Mines |   2802 |   2328 |    474 |    226 |   1570 |   2 | 1401.0 |
   Elven Halls |   3767 |   3347 |    420 |     42 |   2293 |   3 | 1255.7 |
        Vaults |   9230 |   8368 |    862 |    213 |   6171 |   5 | 1846.0 |
         Crypt |   3205 |   2693 |    512 |     31 |   1813 |   3 | 1068.3 |
          Tomb |   2005 |   1915 |     90 |      0 |   1289 |   3 |  668.3 |
        Depths |   6543 |   5484 |   1059 |    254 |   3577 |   4 | 1635.8 |
          Hell |    279 |    260 |     19 |      0 |     79 |   1 |  279.0 |
           Dis |   1796 |   1719 |     77 |      0 |   1270 |   7 |  256.6 |
       Gehenna |    830 |    770 |     60 |      0 |    518 |   7 |  118.6 |
       Cocytus |    545 |    503 |     42 |      0 |    179 |   7 |   77.9 |
      Tartarus |   1127 |   1058 |     69 |     77 |    426 |   7 |  161.0 |
           Zot |   5843 |   5080 |    763 |    262 |   3707 |   5 | 1168.6 |
         Abyss |    135 |    135 |      0 |      2 |     45 |   2 |   67.5 |
   Pandemonium |   3712 |   3712 |      0 |     12 |   1897 |  24 |  154.7 |
      Ziggurat |   2625 |   2625 |      0 |      0 |   1320 |  27 |   97.2 |
        Bazaar |     34 |     34 |      0 |      0 |     27 |   1 |   34.0 |
        Bailey |    844 |    844 |      0 |     11 |    499 |   1 |  844.0 |
      Ice Cave |    433 |    433 |      0 |     80 |    204 |   1 |  433.0 |
        Wizlab |    423 |    423 |      0 |      0 |    249 |   1 |  423.0 |
               +--------+--------+--------+--------+--------+-----+--------+

Top non-repeatable levels by time:
  Lair:3: 2862 daAuts
    D:13: 2768 daAuts
  Lair:2: 2673 daAuts
Vaults:2: 2322 daAuts
 Snake:3: 2176 daAuts
    D:15: 2102 daAuts
  Lair:5: 2031 daAuts
Depths:3: 2028 daAuts
Vaults:3: 1968 daAuts
Vaults:1: 1932 daAuts
   Orc:2: 1811 daAuts
 Snake:2: 1771 daAuts
  Lair:4: 1759 daAuts
Depths:2: 1754 daAuts
 Snake:1: 1749 daAuts
